Workbook

Sheet Lisez-moi
B6: Etat des lieux de l'utilisation des IMMUNOGLOBULINES HUMAINES NORMALES dans les établissements de santé
B9: Dans le contexte de tensions d’approvisionnement en immunoglobulines humaines polyvalentes persistantes, compte tenu notamment d’une pénurie mondiale en matière première, l'ANSM a élaboré des recommandations de hiérarchisation des indications.
B10: https://ansm.sante.fr/actualites/tensions-dapprovisionnement-en-immunoglobulines-humaines-rappel-de-la-hierarchisation-des-indications
B11: Dans ce contexte, un suivi de l'utilisation des immunoglobulines humaines normales (en lien avec la fonction codage de la liste en sus) est proposé aux établissements de santé de la région Normandie.
B13: Le présent outil Excel® proposé par l'OMéDIT Normandie doit permettre de structurer le recueil des données et de faciliter l'analyse régionale.
B15: Il est demandé aux établissements de santé de renseigner le nombre de patients traités par immunoglobulines humaines normales sur la période du 1er janvier au 31 décembre et cela pour chaque spécialité référencée dans l'établissement. Ce tableau est à retourner semestriellement à l'OMéDIT Normandie en vue d'un suivi régional par le comité technique "Innovation Thérapeutique".
B17: Ne pas transmettre de fichier au format PDF
B19: Onglet "Tableau de Recueil"
B21: Abbréviations : | D21: AMM : Autorisation de Mise sur le Marché
D22: AAC : Autorisation d'Accès Compassionnel
D23: [P] : Indication Prioritaire
D24: [UF] : Indication réservée aux urgences fonctionnelles et/ou en cas d'échec des alternatives thérapeutiques
D25: [NP] : Indication Non Prioritaire
D26: [NJ/NA] : Indication Non Justifiée/Non Acceptable
D27: [NH] : Indication Non Hiérarchisée
E28: Code LES mais pas de prise en charge financière par l'assurance maladie
B29: Attention, chaque patient ne doit être compté qu'une fois sauf si changement de traitement.
B30: Dans le cas des Indications Non Hiérachisées, si des patients sont comptabilisés dans l'indication "Autres", il est demandé aux établissements de santé de détailler le plus précisément possible chaque situation clinique dans le tableau (insertion de ligne possible). En cas de justification bibliographique, joindre impérativement la référence bibliographique.
B31: Pour rappel, aucun codage LES possible pour les indications AMM non prises en charge en sus et hors AMM faisant l’objet d’une hiérarchisation des indications
B32: https://sante.gouv.fr/IMG/pdf/notice_explicative_relative_au_referentiel_administratif_portant_la_codification_des_indications_des_specialites_inscrites_sur_la_liste_en_sus-2025_vf.pdf
B33: Onglet "Synthèse des résultats"
B34: La synthèse est renseignée automatiquement selon les degrés de priorisation de l'ANSM

Sheet Fiche signalétique ES
B6: Etat des lieux de l'utilisation des IMMUNOGLOBULINES HUMAINES NORMALES dans les établissements de santé
B9: Nom de l'établissement :
B11: Date :

Sheet Tableau de recueil
A6: Etat des lieux de l'utilisation des IMMUNOGLOBULINES HUMAINES NORMALES dans les établissements de santé
A9: Degré de priorité ANSM | B9: Indications | F9: CLAIRYG | H9: GAMMAGARD | J9: GAMMANORN | L9: HIZENTRA | N9: HYQVIA | P9: KIOVIG | R9: OCTAGAM | T9: PANZYGA | V9: PRIVIGEN | X9: TEGELINE | Z9: CUVITRU | AB9: CUTAQUIG | AD9: FLEBOGAMMA | AF9: INTRATECT | AH9: IG VENA | AJ9: XEMBIFY | AL9: GAMUNEX | AN9: HUMAGLOBIN | AP9: PENTAGLOBIN
F10: AMM | G10: Nombre de patients | H10: AMM | I10: Nombre de patients | J10: AMM | K10: Nombre de patients | L10: AMM | M10: Nombre de patients | N10: AMM | O10: Nombre de patients | P10: AMM | Q10: Nombre de patients | R10: AMM | S10: Nombre de patients | T10: AMM | U10: Nombre de patients | V10: AMM | W10: Nombre de patients | X10: AMM | Y10: Nombre de patients | Z10: AMM | AA10: Nombre de patients | AB10: AMM | AC10: Nombre de patients | AD10: AMM | AE10: Nombre de patients | AF10: AMM | AG10: Nombre de patients | AH10: AMM | AI10: Nombre de patients | AJ10: AMM | AK10: Nombre de patients | AL10: AMM | AM10: Nombre de patients | AN10: AMM | AO10: Nombre de patients | AP10: AAC | AQ10: Nombre de patients
F11: Code LES | H11: Code LES | J11: Code LES | L11: Code LES | N11: Code LES | P11: Code LES | R11: Code LES | T11: Code LES | V11: Code LES | X11: Code LES | Z11: Code LES | AB11: Code LES | AD11: Code LES | AF11: Code LES | AH11: Code LES | AJ11: Code LES | AL11: Code LES | AN11: Code LES | AP11: Code AAC
A12: Indications prioritaires [P] | B12: Chez l'adulte, dans le traitement de substitution des déficits immunitaires primitifs (DIP) avec production défaillante d'anticorps ou atteinte fonctionnelle de l'immunité humorale (Agammaglobulinémie congénitale, Hypogammaglobulinémie congénitale, Déficit immunitaire combiné sévère (DICS), Déficit immunitaire commun variable (DICV), Syndrôme de Wiskott-Aldrich (WAS), ...) | F12: OUI | H12: OUI | J12: OUI | L12: OUI | N12: OUI | P12: OUI | R12: OUI | T12: OUI | V12: OUI | X12: OUI | Z12: OUI | AB12: OUI | AD12: OUI | AF12: OUI | AH12: OUI | AJ12: OUI | AL12: OUI | AN12: OUI | AP12: OUI
F13: I000069 | H13: I000140 | J13: I000148 | L13: I000168 | N13: I000184 | P13: I000546 | R13: I000253 | T13: _ | V13: I000546 | X13: I000336 | Z13: I000438 | AB13: I000565 | AD13: I000122 | AF13: I000546 | AH13: I000546 | AJ13: I000546 | AL13: I000481 | AN13: I000546 | AP13: NIMMU01
B14: Chez l'enfant et l'adolescent (agés de 0 à 18 ans), dans le traitement de substitution des déficits immunitaires primitifs avec production défaillante d'anticorps ou atteinte fonctionnelle de l'immunité humorale (Agammaglobulinémie congénitale, Hypogammaglobulinémie congénitale, Déficit immunitaire combiné sévère (DICS), Déficit immunitaire commun variable (DICV), Syndrôme de Wiskott-Aldrich (WAS), ...) | F14: OUI | H14: OUI | J14: OUI | L14: OUI | N14: OUI | P14: OUI | R14: OUI | T14: OUI | V14: OUI | X14: OUI | Z14: OUI | AB14: OUI | AD14: OUI | AF14: OUI | AH14: OUI | AJ14: OUI | AL14: OUI | AN14: OUI | AP14: OUI
F15: I000069 | H15: I000140 | J15: I000148 | L15: I000168 | N15: I000435 | P15: I000546 | R15: I000253 | T15: _ | V15: I000546 | X15: I000336 | Z15: I000438 | AB15: I000565 | AD15: I000122 | AF15: I000546 | AH15: I000546 | AJ15: I000546 | AL15: I000481 | AN15: I000546 | AP15: NIMMU01
B16: Syndrome de Guillain-Barré chez l’enfant ou chez l’adulte si contre indication ou impossibilité de recourir à des échanges plasmatiques dans l'immédiat | F16: OUI | H16: OUI | J16: NON | L16: NON | N16: NON | P16: OUI | R16: OUI | T16: OUI | V16: OUI | X16: OUI | Z16: NON | AB16: NON | AD16: OUI | AF16: OUI | AH16: OUI | AJ16: NON | AL16: OUI | AN16: OUI | AP16: NON
F17: I000073 | H17: I000146 | J17: _ | L17: _ | N17: _ | P17: I000218 | R17: I000258 | T17: _ | V17: I000278 | X17: I000342 | Z17: _ | AB17: _ | AD17: I000128 | AF17: I000553 | AH17: I000553 | AJ17: _ | AL17: I000487 | AN17: I000553 | AP17: _
B18: Syndrome de Miller-Fischer (ou variantes) chez l’enfant ou chez l’adulte si contre indication ou impossibilité de recourir à des échanges plasmatiques dans l'immédiat | F18: NON | H18: NON | J18: NON | L18: NON | N18: NON | P18: NON | R18: NON | T18: NON | V18: NON | X18: NON | Z18: NON | AB18: NON | AD18: NON | AF18: NON | AH18: NON | AJ18: NON | AL18: NON | AN18: NON | AP18: NON
F19: _ | H19: _ | J19: _ | L19: _ | N19: _ | P19: _ | R19: _ | T19: _ | V19: _ | X19: _ | Z19: _ | AB19: _ | AD19: _ | AF19: _ | AH19: _ | AJ19: _ | AL19: _ | AN19: _ | AP19: _
B20: Neuropathie motrice multifocale (NMM) cliniquement évolutive nouvellement diagnostiquée ou en cours de traitement et répondant aux IgIV | F20: OUI | H20: NON | J20: NON | L20: NON | N20: NON | P20: OUI | R20: OUI | T20: NON | V20: OUI | X20: OUI | Z20: NON | AB20: NON | AD20: OUI | AF20: OUI | AH20: OUI | AJ20: NON | AL20: OUI | AN20: OUI | AP20: NON
F21: I000475 | H21: _ | J21: _ | L21: _ | N21: _ | P21: I000220 | R21: I000599 | T21: _ | V21: I000474 | X21: I000343 | Z21: _ | AB21: _ | AD21: I000492 | AF21: I000556 | AH21: I000556 | AJ21: _ | AL21: I000527 | AN21: I000556 | AP21: _
B22: Neuropathie sensitive et motrice multifocale avec bloc de conduction (syndrome de Lewis et Sumner) cliniquement évolutive nouvellement diagnostiquée ou en cours de traitement et répondant aux IgIV | F22: NON | H22: NON | J22: NON | L22: NON | N22: NON | P22: NON | R22: NON | T22: NON | V22: NON | X22: NON | Z22: NON | AB22: NON | AD22: NON | AF22: NON | AH22: NON | AJ22: NON | AL22: NON | AN22: NON | AP22: NON
F23: _ | H23: _ | J23: _ | L23: _ | N23: _ | P23: _ | R23: _ | T23: _ | V23: _ | X23: _ | Z23: _ | AB23: _ | AD23: _ | AF23: _ | AH23: _ | AJ23: _ | AL23: _ | AN23: _ | AP23: _
B24: Myasthénie auto-immune grave en décompensation aiguë en cas d'échec, de contre indication, ou impossibilité de recourir à des échanges plasmatiques dans l'immédiat | F24: NON | H24: NON | J24: NON | L24: NON | N24: NON | P24: NON | R24: NON | T24: NON | V24: NON | X24: OUI | Z24: NON | AB24: NON | AD24: NON | AF24: NON | AH24: NON | AJ24: NON | AL24: OUI | AN24: NON | AP24: NON
F25: _ | H25: _ | J25: _ | L25: _ | N25: _ | P25: _ | R25: _ | T25: _ | V25: _ | X25: I000398 | Z25: _ | AB25: _ | AD25: _ | AF25: _ | AH25: _ | AJ25: _ | AL25: _ | AN25: _ | AP25: _
B26: Syndrome de l'homme raide | F26: NON | H26: NON | J26: NON | L26: NON | N26: NON | P26: NON | R26: NON | T26: NON | V26: NON | X26: NON | Z26: NON | AB26: NON | AD26: NON | AF26: NON | AH26: NON | AJ26: NON | AL26: NON | AN26: NON | AP26: NON
F27: _ | H27: _ | J27: _ | L27: _ | N27: _ | P27: _ | R27: _ | T27: _ | V27: _ | X27: _ | Z27: _ | AB27: _ | AD27: _ | AF27: _ | AH27: _ | AJ27: _ | AL27: _ | AN27: _ | AP27: _
B28: Purpura thrombopénique idiopathique sévère de l'adulte : - avec un score de Khellaf > 8 et toujours en association avec les corticoïdes (sauf contre-indication absolue), en situation d'urgence - ou formes très rares avec mise en jeu du pronostic vital (saignement intracérébral ou viscéral avec déglobulisation) | F28: OUI | H28: OUI | J28: NON | L28: NON | N28: NON | P28: OUI | R28: OUI | T28: OUI | V28: OUI | X28: OUI | Z28: NON | AB28: NON | AD28: OUI | AF28: OUI | AH28: OUI | AJ28: NON | AL28: OUI | AN28: OUI | AP28: NON
F29: I000072 | H29: I000145 | J29: _ | L29: _ | N29: _ | P29: I000217 | R29: I000257 | T29: _ | V29: I000277 | X29: I000340 | Z29: _ | AB29: _ | AD29: I000127 | AF29: I000551 | AH29: I000551 | AJ29: _ | AL29: I000486 | AN29: I000551 | AP29: _
B30: Purpura thrombopénique idiopathique sévère de l'enfant et l'adolescent : - avec un score hémorragique de Buchanan-Adix ≥ 3 et/ou plaquettes < 10 g/L - ou formes très rares avec mise en jeu du pronostic vital (saignement intracérébral ou viscéral avec déglobulisation) | F30: OUI | H30: OUI | J30: NON | L30: NON | N30: NON | P30: OUI | R30: OUI | T30: OUI | V30: OUI | X30: OUI | Z30: NON | AB30: NON | AD30: OUI | AF30: OUI | AH30: OUI | AJ30: NON | AL30: OUI | AN30: OUI | AP30: NON
F31: I000072 | H31: I000145 | J31: _ | L31: _ | N31: _ | P31: I000217 | R31: I000257 | T31: _ | V31: I000277 | X31: I000340 | Z31: _ | AB31: _ | AD31: I000127 | AF31: I000551 | AH31: I000551 | AJ31: _ | AL31: I000486 | AN31: I000551 | AP31: _
B32: Erythroblastopénie associée à une infection chronique par le parvovirus B19 (PCR > 104 et/ou IgM positives) chez les immunodéprimés et responsable d'une anémie sévère <8 g/dL (réticulocytes < 10000/mm3) confirmée par le myélogramme et dans un contexte d’immuno-dépression (VIH, tumeur solide, traitement immuno-suppresseur, etc…) | F32: NON | H32: NON | J32: NON | L32: NON | N32: NON | P32: NON | R32: NON | T32: NON | V32: NON | X32: NON | Z32: NON | AB32: NON | AD32: NON | AF32: NON | AH32: NON | AJ32: NON | AL32: NON | AN32: NON | AP32: NON
F33: _ | H33: _ | J33: _ | L33: _ | N33: _ | P33: _ | R33: _ | T33: _ | V33: _ | X33: _ | Z33: _ | AB33: _ | AD33: _ | AF33: _ | AH33: _ | AJ33: _ | AL33: _ | AN33: _ | AP33: _
B34: Maladie de Willebrand acquise associée à une gammapathie monoclonale IgG (MGUS IgG) nécessitant : - une procédure invasive urgente engageant le pronostic vital ou fonctionnel - ou une procédure invasive programmée ne pouvant être reportée sans mettre en danger la santé du patient - ou un traitement curatif ou préventif pour un syndrome hémorragique sévère et échec ou intolérance aux concentrés de vWF | F34: NON | H34: NON | J34: NON | L34: NON | N34: NON | P34: NON | R34: NON | T34: NON | V34: NON | X34: NON | Z34: NON | AB34: NON | AD34: NON | AF34: NON | AH34: NON | AJ34: NON | AL34: NON | AN34: NON | AP34: NON
F35: _ | H35: _ | J35: _ | L35: _ | N35: _ | P35: _ | R35: _ | T35: _ | V35: _ | X35: _ | Z35: _ | AB35: _ | AD35: _ | AF35: _ | AH35: _ | AJ35: _ | AL35: _ | AN35: _ | AP35: _
B36: Traitement de l’allo-immunisation fœto-maternelle plaquettaire avec antécédent avéré de thrombopénie néonatale | F36: NON | H36: NON | J36: NON | L36: NON | N36: NON | P36: NON | R36: NON | T36: NON | V36: NON | X36: NON | Z36: NON | AB36: NON | AD36: NON | AF36: NON | AH36: NON | AJ36: NON | AL36: NON | AN36: NON | AP36: NON
F37: _ | H37: _ | J37: _ | L37: _ | N37: _ | P37: _ | R37: _ | T37: _ | V37: _ | X37: _ | Z37: _ | AB37: _ | AD37: _ | AF37: _ | AH37: _ | AJ37: _ | AL37: _ | AN37: _ | AP37: _
B38: Prophylaxie pré- et post-exposition après exposition à un cas confirmé de rougeole chez : - les femmes enceintes non vaccinées et sans antécédent de rougeole - ou les sujets immunodéprimés quel que soit son statut vaccinal et ses antécédents avérés de rougeole - ou les enfants de moins de 6 mois dont la mère présente une rougeole - ou les enfants de moins de 6 mois dont la mère n’a pas d’antécédent de rougeole et n’a pas été vaccinée (dans le doute une sérologie maternelle IgG peut être demandée en urgence) - ou les enfants âgés de 6 à 11 mois non vaccinés en post-exposition dans les 72h après contact quel que soit le statut vaccinal de la mère ou ses antécédents de rougeole | F38: NON | H38: NON | J38: NON | L38: NON | N38: NON | P38: NON | R38: OUI | T38: NON | V38: NON | X38: NON | Z38: NON | AB38: NON | AD38: OUI | AF38: NON | AH38: NON | AJ38: NON | AL38: NON | AN38: NON | AP38: NON
F39: _ | H39: _ | J39: _ | L39: _ | N39: _ | P39: _ | R39: _ | T39: _ | V39: _ | X39: _ | Z39: _ | AB39: _ | AD39: _ | AF39: _ | AH39: _ | AJ39: _ | AL39: _ | AN39: _ | AP39: _
B40: Traitement du rejet de greffe médié par Ac | F40: NON | H40: NON | J40: NON | L40: NON | N40: NON | P40: NON | R40: NON | T40: NON | V40: NON | X40: NON | Z40: NON | AB40: NON | AD40: NON | AF40: NON | AH40: NON | AJ40: NON | AL40: NON | AN40: NON | AP40: NON
F41: _ | H41: _ | J41: _ | L41: _ | N41: _ | P41: _ | R41: _ | T41: _ | V41: _ | X41: _ | Z41: _ | AB41: _ | AD41: _ | AF41: _ | AH41: _ | AJ41: _ | AL41: _ | AN41: _ | AP41: _
B42: Prophylaxie des rejets médiés par Ac chez les patients traités par les plasmaphérèses chez les patients avec un (ou plusieurs) Ac contre le donneur (avec une MFI > 2000) après la greffe | F42: NON | H42: NON | J42: NON | L42: NON | N42: NON | P42: NON | R42: NON | T42: NON | V42: NON | X42: NON | Z42: NON | AB42: NON | AD42: NON | AF42: NON | AH42: NON | AJ42: NON | AL42: NON | AN42: NON | AP42: NON
F43: _ | H43: _ | J43: _ | L43: _ | N43: _ | P43: _ | R43: _ | T43: _ | V43: _ | X43: _ | Z43: _ | AB43: _ | AD43: _ | AF43: _ | AH43: _ | AJ43: _ | AL43: _ | AN43: _ | AP43: _
B44: Dermatomyosite avec graves troubles de la déglutition | F44: NON | H44: NON | J44: NON | L44: NON | N44: NON | P44: NON | R44: OUI | T44: NON | V44: NON | X44: NON | Z44: NON | AB44: NON | AD44: NON | AF44: NON | AH44: NON | AJ44: NON | AL44: NON | AN44: NON | AP44: NON
F45: _ | H45: _ | J45: _ | L45: _ | N45: _ | P45: _ | R45: I000619 | T45: _ | V45: _ | X45: _ | Z45: _ | AB45: _ | AD45: _ | AF45: _ | AH45: _ | AJ45: _ | AL45: _ | AN45: _ | AP45: _
B46: Myopathie nécrosante et syndrome des antisynthétases et myosites associées à d’autres connectivites avec graves troubles de la déglutition | F46: NON | H46: NON | J46: NON | L46: NON | N46: NON | P46: NON | R46: NON | T46: NON | V46: NON | X46: NON | Z46: NON | AB46: NON | AD46: NON | AF46: NON | AH46: NON | AJ46: NON | AL46: NON | AN46: NON | AP46: NON
F47: _ | H47: _ | J47: _ | L47: _ | N47: _ | P47: _ | R47: _ | T47: _ | V47: _ | X47: _ | Z47: _ | AB47: _ | AD47: _ | AF47: _ | AH47: _ | AJ47: _ | AL47: _ | AN47: _ | AP47: _
B48: Maladie de Kawasaki | F48: OUI | H48: OUI | J48: NON | L48: NON | N48: NON | P48: OUI | R48: OUI | T48: OUI | V48: OUI | X48: OUI | Z48: NON | AB48: NON | AD48: OUI | AF48: OUI | AH48: OUI | AJ48: NON | AL48: OUI | AN48: OUI | AP48: NON
F49: I000074 | H49: I000147 | J49: _ | L49: _ | N49: _ | P49: I000219 | R49: I000259 | T49: _ | V49: I000279 | X49: I000345 | Z49: _ | AB49: _ | AD49: I000129 | AF49: I000554 | AH49: I000554 | AJ49: _ | AL49: I000488 | AN49: I000554 | AP49: _
B50: Hémochromatose néonatale (hépatite allo immune congénitale) : en période néonatale dans les insuffisances hépatocellulaires néonatales ou en préventif chez les femmes enceintes avec antécédents d’hémochromatose lors d’une grossesse antérieure | F50: NON | H50: NON | J50: NON | L50: NON | N50: NON | P50: NON | R50: NON | T50: NON | V50: NON | X50: NON | Z50: NON | AB50: NON | AD50: NON | AF50: NON | AH50: NON | AJ50: NON | AL50: NON | AN50: NON | AP50: NON
F51: _ | H51: _ | J51: _ | L51: _ | N51: _ | P51: _ | R51: _ | T51: _ | V51: _ | X51: _ | Z51: _ | AB51: _ | AD51: _ | AF51: _ | AH51: _ | AJ51: _ | AL51: _ | AN51: _ | AP51: _
A52: Total Prioritaires | E52: =SUM(F52:AQ52) -> 0 | F52: =SUM(G12:G51) -> 0 | H52: =SUM(I12:I51) -> 0 | J52: =SUM(K12:K51) -> 0 | L52: =SUM(M12:M51) -> 0 | N52: =SUM(O12:O51) -> 0 | P52: =SUM(Q12:Q51) -> 0 | R52: =SUM(S12:S51) -> 0 | T52: =SUM(U12:U51) -> 0 | V52: =SUM(W12:W51) -> 0 | X52: =SUM(Y12:Y51) -> 0 | Z52: =SUM(AA12:AA51) -> 0 | AB52: =SUM(AC12:AC51) -> 0 | AD52: =SUM(AE12:AE51) -> 0 | AF52: =SUM(AG12:AG51) -> 0 | AH52: =SUM(AI12:AI51) -> 0 | AJ52: =SUM(AK12:AK51) -> 0 | AL52: =SUM(AM12:AM51) -> 0 | AN52: =SUM(AO12:AO51) -> 0 | AP52: =SUM(AQ12:AQ51) -> 0
A53: Degré de priorité ANSM | B53: Indications | F53: CLAIRYG | H53: GAMMAGARD | J53: GAMMANORN | L53: HIZENTRA | N53: HYQVIA | P53: KIOVIG | R53: OCTAGAM | T53: PANZYGA | V53: PRIVIGEN | X53: TEGELINE | Z53: CUVITRU | AB53: CUTAQUIG | AD53: FLEBOGAMMA | AF53: INTRATECT | AH53: IG VENA | AJ53: XEMBIFY | AL53: GAMUNEX | AN53: HUMAGLOBIN | AP53: PENTAGLOBIN
F54: AMM | G54: Nombre de patients | H54: AMM | I54: Nombre de patients | J54: AMM | K54: Nombre de patients | L54: AMM | M54: Nombre de patients | N54: AMM | O54: Nombre de patients | P54: AMM | Q54: Nombre de patients | R54: AMM | S54: Nombre de patients | T54: AMM | U54: Nombre de patients | V54: AMM | W54: Nombre de patients | X54: AMM | Y54: Nombre de patients | Z54: AMM | AA54: Nombre de patients | AB54: AMM | AC54: Nombre de patients | AD54: AMM | AE54: Nombre de patients | AF54: AMM | AG54: Nombre de patients | AH54: AMM | AI54: Nombre de patients | AJ54: AMM | AK54: Nombre de patients | AL54: AMM | AM54: Nombre de patients | AN54: AMM | AO54: Nombre de patients | AP54: AAC | AQ54: Nombre de patients
F55: Code LES | H55: Code LES | J55: Code LES | L55: Code LES | N55: Code LES | P55: Code LES | R55: Code LES | T55: Code LES | V55: Code LES | X55: Code LES | Z55: Code LES | AB55: Code LES | AD55: Code LES | AF55: Code LES | AH55: Code LES | AJ55: Code LES | AL55: Code LES | AN55: Code LES | AP55: Code AAC
A56: Indications à réserver aux urgences fonctionnelles et/ou en cas d'échec des alternatives thérapeutiques [UF] | B56: Déficits immunitaires secondaires (DIS) chez les adultes souffrant d’infections sévères ou récurrentes, en échec d’un traitement antimicrobien et ayant, soit un déficit avéré en anticorps spécifiques (DAAS), soit un taux d’IgG sériques < 4 g/l | F56: OUI | H56: NON | J56: NON | L56: OUI | N56: OUI | P56: OUI | R56: OUI | T56: OUI | V56: OUI | X56: NON | Z56: OUI | AB56: OUI | AD56: OUI | AF56: OUI | AH56: OUI | AJ56: NON | AL56: OUI | AN56: OUI | AP56: NON
F57: I000070 | H57: _ | J57: _ | L57: I000610 | N57: I000664 | P57: I000215 | R57: I000256 | T57: _ | V57: I000273 | X57: _ | Z57: I000070 | AB57: _ | AD57: I000123 | AF57: I000547 | AH57: I000547 | AJ57: _ | AL57: I000482 | AN57: I000547 | AP57: _
B58: Déficits immunitaires secondaires (DIS) chez les enfants et les adolescents (âgés de 0 à 18 ans) souffrant d’infections sévères ou récurrentes, en échec d’un traitement antimicrobien et ayant, soit un déficit avéré en anticorps spécifiques (DAAS), soit un taux d’IgG sériques < 4 g/l | F58: OUI | H58: NON | J58: NON | L58: OUI | N58: OUI | P58: OUI | R58: OUI | T58: OUI | V58: OUI | X58: NON | Z58: OUI | AB58: OUI | AD58: OUI | AF58: OUI | AH58: OUI | AJ58: NON | AL58: OUI | AN58: OUI | AP58: NON
F59: I000070 | H59: _ | J59: _ | L59: I000610 | N59: I000664 | P59: I000215 | R59: I000256 | T59: _ | V59: I000273 | X59: _ | Z59: I000070 | AB59: _ | AD59: I000123 | AF59: I000547 | AH59: I000547 | AJ59: _ | AL59: I000482 | AN59: I000547 | AP59: _
B60: Hypogammaglobulinémie (IgG < 4 g/L) et infections microbiennes sévères nécessitant une hospitalisation, en échec d'une antibioprophylaxie bien conduite chez les patients atteints d’un myélome multiple | F60: OUI | H60: OUI | J60: OUI | L60: OUI | N60: OUI | P60: OUI | R60: OUI | T60: OUI | V60: OUI | X60: OUI | Z60: OUI | AB60: OUI | AD60: OUI | AF60: OUI | AH60: OUI | AJ60: OUI | AL60: OUI | AN60: OUI | AP60: NON
F61: I000070 | H61: I000142 | J61: I000422 | L61: I000610 | N61: I000664 | P61: I000215 | R61: I000256 | T61: _ | V61: I000273 | X61: I000338 | Z61: I000070 | AB61: I000567 | AD61: I000123 | AF61: I000547 | AH61: I000549 | AJ61: I000440 | AL61: I000482 | AN61: I000549 | AP61: _
B62: Hypogammaglobulinémie (IgG < 4 g/L) et infections microbiennes sévères nécessitant une hospitalisation, en échec d'une antibioprophylaxie bien conduite chez les patients atteints de leucémie lymphoïde chronique | F62: OUI | H62: OUI | J62: OUI | L62: OUI | N62: OUI | P62: OUI | R62: OUI | T62: OUI | V62: OUI | X62: OUI | Z62: OUI | AB62: OUI | AD62: OUI | AF62: OUI | AH62: OUI | AJ62: OUI | AL62: OUI | AN62: OUI | AP62: NON
F63: I000070 | H63: I000141 | J63: I000149 | L63: I000610 | N63: I000664 | P63: I000213 | R63: I000256 | T63: _ | V63: I000273 | X63: I000338 | Z63: I000070 | AB63: I000566 | AD63: I000123 | AF63: I000547 | AH63: I000548 | AJ63: I000439 | AL63: I000482 | AN63: I000548 | AP63: _
B64: Hypogammaglobulinémie (IgG < 4 g/L) et infections microbiennes sévères nécessitant une hospitalisation, en échec d'une antibioprophylaxie bien conduite chez les patients atteints d'hémopathies malignes ou en post-transplantation d'organes solides ou autres pathologies | F64: OUI | H64: NON | J64: NON | L64: OUI | N64: OUI | P64: OUI | R64: OUI | T64: OUI | V64: OUI | X64: NON | Z64: OUI | AB64: OUI | AD64: OUI | AF64: OUI | AH64: OUI | AJ64: NON | AL64: OUI | AN64: OUI | AP64: NON
F65: I000070 | H65: _ | J65: _ | L65: I000610 | N65: I000664 | P65: I000215 | R65: I000256 | T65: _ | V65: I000273 | X65: _ | Z65: I000070 | AB65: _ | AD65: I000123 | AF65: I000547 | AH65: I000547 | AJ65: _ | AL65: I000482 | AN65: I000547 | AP65: _
B66: Hypogammaglobulinémie (IgG < 4 g/L) et infections microbiennes sévères nécessitant une hospitalisation, en échec d'une antibioprophylaxie bien conduite chez les patients en post-allogreffe de CSH | F66: OUI | H66: OUI | J66: OUI | L66: OUI | N66: OUI | P66: OUI | R66: OUI | T66: OUI | V66: OUI | X66: OUI | Z66: OUI | AB66: OUI | AD66: OUI | AF66: OUI | AH66: OUI | AJ66: OUI | AL66: OUI | AN66: OUI | AP66: NON
F67: I000070 | H67: I000143 | J67: I000445 | L67: I000610 | N67: I000664 | P67: I000215 | R67: I000254 | T67: _ | V67: I000273 | X67: I000339 | Z67: I000070 | AB67: I000568 | AD67: I000123 | AF67: I000547 | AH67: I000550 | AJ67: I000441 | AL67: I000482 | AN67: I000550 | AP67: _
B68: Supplémentation à visée curative post-traitement par cellules CAR-T anti-CD19 ou par anticorps bispécifiques chez l'adulte en cas d'hypogammaglobulinémie (IgG < 4 g/L) et infections microbiennes sévères nécessitant une hospitalisation, en échec d'une antibioprophylaxie bien conduite | F68: OUI | H68: NON | J68: NON | L68: OUI | N68: OUI | P68: OUI | R68: OUI | T68: OUI | V68: OUI | X68: NON | Z68: OUI | AB68: OUI | AD68: OUI | AF68: OUI | AH68: OUI | AJ68: NON | AL68: OUI | AN68: OUI | AP68: NON
F69: I000070 | H69: _ | J69: _ | L69: I000610 | N69: I000664 | P69: I000215 | R69: I000256 | T69: _ | V69: I000273 | X69: _ | Z69: I000070 | AB69: _ | AD69: I000123 | AF69: I000547 | AH69: I000547 | AJ69: _ | AL69: I000482 | AN69: I000547 | AP69: _
B70: Prophylaxie systématique post-traitement par cellules CAR-T anti-CD19 ou par anticorps bispécifiques chez l'enfant en cas d'hypogammaglobulinémie (IgG < 4 g/L) | F70: OUI | H70: NON | J70: NON | L70: OUI | N70: OUI | P70: OUI | R70: OUI | T70: OUI | V70: OUI | X70: NON | Z70: OUI | AB70: OUI | AD70: OUI | AF70: OUI | AH70: OUI | AJ70: NON | AL70: OUI | AN70: OUI | AP70: NON
F71: I000070 | H71: _ | J71: _ | L71: I000610 | N71: I000664 | P71: I000215 | R71: I000256 | T71: _ | V71: I000273 | X71: _ | Z71: I000070 | AB71: _ | AD71: I000123 | AF71: I000547 | AH71: I000547 | AJ71: _ | AL71: I000482 | AN71: I000547 | AP71: _
B72: Dermatomyosite après échec, dépendance, intolérance ou contre-indication aux corticoïdes et immunosuppresseurs | F72: NON | H72: NON | J72: NON | L72: NON | N72: NON | P72: NON | R72: OUI | T72: NON | V72: NON | X72: NON | Z72: NON | AB72: NON | AD72: NON | AF72: NON | AH72: NON | AJ72: NON | AL72: NON | AN72: NON | AP72: NON
F73: _ | H73: _ | J73: _ | L73: _ | N73: _ | P73: _ | R73: I000619 | T73: _ | V73: _ | X73: _ | Z73: _ | AB73: _ | AD73: _ | AF73: _ | AH73: _ | AJ73: _ | AL73: _ | AN73: _ | AP73: _
B74: Myopathie nécrosante et syndrome des antisynthétases et myosites associées à d’autres connectivites après échec, dépendance, intolérance ou contre-indication aux corticoïdes et immunosuppresseurs | F74: NON | H74: NON | J74: NON | L74: NON | N74: NON | P74: NON | R74: NON | T74: NON | V74: NON | X74: NON | Z74: NON | AB74: NON | AD74: NON | AF74: NON | AH74: NON | AJ74: NON | AL74: NON | AN74: NON | AP74: NON
F75: _ | H75: _ | J75: _ | L75: _ | N75: _ | P75: _ | R75: _ | T75: _ | V75: _ | X75: _ | Z75: _ | AB75: _ | AD75: _ | AF75: _ | AH75: _ | AJ75: _ | AL75: _ | AN75: _ | AP75: _
B76: Syndrome de Clarkson | F76: NON | H76: NON | J76: NON | L76: NON | N76: NON | P76: NON | R76: NON | T76: NON | V76: NON | X76: NON | Z76: NON | AB76: NON | AD76: NON | AF76: NON | AH76: NON | AJ76: NON | AL76: NON | AN76: NON | AP76: NON
F77: _ | H77: _ | J77: _ | L77: _ | N77: _ | P77: _ | R77: _ | T77: _ | V77: _ | X77: _ | Z77: _ | AB77: _ | AD77: _ | AF77: _ | AH77: _ | AJ77: _ | AL77: _ | AN77: _ | AP77: _
B78: Polyradiculonévrites inflammatoires démyélinisantes chroniques (PIDC) cliniquement évolutive après échec ou contre-indication des autres options thérapeutiques (corticoïdes, échanges plasmatiques) | F78: OUI | H78: NON | J78: NON | L78: NON | N78: NON | P78: OUI | R78: OUI | T78: NON | V78: OUI | X78: OUI | Z78: NON | AB78: NON | AD78: OUI | AF78: OUI | AH78: OUI | AJ78: NON | AL78: OUI | AN78: OUI | AP78: NON
F79: I000418 | H79: _ | J79: _ | L79: _ | N79: _ | P79: I000480 | R79: I000260 | T79: _ | V79: I000280 | X79: I000344 | Z79: _ | AB79: _ | AD79: I000491 | AF79: I000555 | AH79: I000555 | AJ79: _ | AL79: I000489 | AN79: I000555 | AP79: _
B80: Traitement immunomodulateur chez les adultes, les enfants et les adolescents (0 à 18 ans) atteints de polyradiculonévrite inflammatoire démyélinisante chronique (PIDC) cliniquement évolutive après échec ou contre-indication des autres options thérapeutiques (corticoïdes, échanges plasmatiques) comme traitement d'entretien après stabilisation par des IG I.V | F80: NON | H80: NON | J80: NON | L80: OUI | N80: OUI | P80: NON | R80: NON | T80: NON | V80: NON | X80: NON | Z80: NON | AB80: NON | AD80: NON | AF80: NON | AH80: NON | AJ80: NON | AL80: NON | AN80: NON | AP80: NON
F81: _ | H81: _ | J81: _ | L81: I000468 | N81: I000468 | P81: _ | R81: _ | T81: _ | V81: _ | X81: _ | Z81: _ | AB81: _ | AD81: _ | AF81: _ | AH81: _ | AJ81: _ | AL81: _ | AN81: _ | AP81: _
B82: Myasthénie auto-immune grave non contrôlée par une corticothérapie et/ou des immunosuppresseurs | F82: NON | H82: NON | J82: NON | L82: NON | N82: NON | P82: NON | R82: NON | T82: NON | V82: NON | X82: OUI | Z82: NON | AB82: NON | AD82: NON | AF82: NON | AH82: NON | AJ82: NON | AL82: OUI | AN82: NON | AP82: NON
F83: _ | H83: _ | J83: _ | L83: _ | N83: _ | P83: _ | R83: _ | T83: _ | V83: _ | X83: I000398 | Z83: _ | AB83: _ | AD83: _ | AF83: _ | AH83: _ | AJ83: _ | AL83: _ | AN83: _ | AP83: _
B84: Myasthénie auto-immune grave en prévention d'une exacerbation avant geste chirurgical chez les patients avec une myasthénie généralisée non stabilisée sur le plan thérapeutique | F84: NON | H84: NON | J84: NON | L84: NON | N84: NON | P84: NON | R84: NON | T84: NON | V84: NON | X84: OUI | Z84: NON | AB84: NON | AD84: NON | AF84: NON | AH84: NON | AJ84: NON | AL84: OUI | AN84: NON | AP84: NON
F85: _ | H85: _ | J85: _ | L85: _ | N85: _ | P85: _ | R85: _ | T85: _ | V85: _ | X85: I000398 | Z85: _ | AB85: _ | AD85: _ | AF85: _ | AH85: _ | AJ85: _ | AL85: _ | AN85: _ | AP85: _
B86: Syndrome de Lambert-Eaton | F86: NON | H86: NON | J86: NON | L86: NON | N86: NON | P86: NON | R86: NON | T86: NON | V86: NON | X86: NON | Z86: NON | AB86: NON | AD86: NON | AF86: NON | AH86: NON | AJ86: NON | AL86: NON | AN86: NON | AP86: NON
F87: _ | H87: _ | J87: _ | L87: _ | N87: _ | P87: _ | R87: _ | T87: _ | V87: _ | X87: _ | Z87: _ | AB87: _ | AD87: _ | AF87: _ | AH87: _ | AJ87: _ | AL87: _ | AN87: _ | AP87: _
B88: Syndrome catastrophique des antiphospholipides avec pronostic vital engagé en alternative aux échanges plasmatiques s’ils ne sont pas disponibles immédiatement, associés aux corticoïdes et anticoagulants | F88: NON | H88: NON | J88: NON | L88: NON | N88: NON | P88: NON | R88: NON | T88: NON | V88: NON | X88: NON | Z88: NON | AB88: NON | AD88: NON | AF88: NON | AH88: NON | AJ88: NON | AL88: NON | AN88: NON | AP88: NON
F89: _ | H89: _ | J89: _ | L89: _ | N89: _ | P89: _ | R89: _ | T89: _ | V89: _ | X89: _ | Z89: _ | AB89: _ | AD89: _ | AF89: _ | AH89: _ | AJ89: _ | AL89: _ | AN89: _ | AP89: _
B90: Syndrome catastrophique des antiphospholipides en seconde intention, en alternative aux échanges plasmatiques s’ils ne sont pas disponibles immédiatement dans les formes sans engagement initial du pronostic vital mais n’ayant pas répondu à l’association corticoïdes / anticoagulants IV | F90: NON | H90: NON | J90: NON | L90: NON | N90: NON | P90: NON | R90: NON | T90: NON | V90: NON | X90: NON | Z90: NON | AB90: NON | AD90: NON | AF90: NON | AH90: NON | AJ90: NON | AL90: NON | AN90: NON | AP90: NON
F91: _ | H91: _ | J91: _ | L91: _ | N91: _ | P91: _ | R91: _ | T91: _ | V91: _ | X91: _ | Z91: _ | AB91: _ | AD91: _ | AF91: _ | AH91: _ | AJ91: _ | AL91: _ | AN91: _ | AP91: _
B92: Anémie hémolytique auto-immune grave chez l'adulte, l'enfant et l'adolescent avec mise en jeu du pronostic vital à court terme et en impasse thérapeutique après échec d’un traitement maximal (corticoïdes, rituximab, et/ou EPO) et nécessitant un support transfusionnel | F92: NON | H92: NON | J92: NON | L92: NON | N92: NON | P92: NON | R92: NON | T92: NON | V92: NON | X92: NON | Z92: NON | AB92: NON | AD92: NON | AF92: NON | AH92: NON | AJ92: NON | AL92: NON | AN92: NON | AP92: NON
F93: _ | H93: _ | J93: _ | L93: _ | N93: _ | P93: _ | R93: _ | T93: _ | V93: _ | X93: _ | Z93: _ | AB93: _ | AD93: _ | AF93: _ | AH93: _ | AJ93: _ | AL93: _ | AN93: _ | AP93: _
B94: Désimmunisation des patients hyperimmunisés en attente d’une greffe du rein, du cœur, des poumons et cœur-poumons en dehors des plasmaphérèses | F94: NON | H94: NON | J94: NON | L94: NON | N94: NON | P94: NON | R94: NON | T94: NON | V94: NON | X94: NON | Z94: NON | AB94: NON | AD94: NON | AF94: NON | AH94: NON | AJ94: NON | AL94: NON | AN94: NON | AP94: NON
F95: _ | H95: _ | J95: _ | L95: _ | N95: _ | P95: _ | R95: _ | T95: _ | V95: _ | X95: _ | Z95: _ | AB95: _ | AD95: _ | AF95: _ | AH95: _ | AJ95: _ | AL95: _ | AN95: _ | AP95: _
B96: Pemphigus (vulgaire, foliacé/superficiel ou paranéoplasique) en impasse thérapeutique après un traitement par rituximab et/ou corticostéroïdes et/ou immunosuppresseurs | F96: NON | H96: NON | J96: NON | L96: NON | N96: NON | P96: NON | R96: NON | T96: NON | V96: NON | X96: NON | Z96: NON | AB96: NON | AD96: NON | AF96: NON | AH96: NON | AJ96: NON | AL96: NON | AN96: NON | AP96: NON
F97: _ | H97: _ | J97: _ | L97: _ | N97: _ | P97: _ | R97: _ | T97: _ | V97: _ | X97: _ | Z97: _ | AB97: _ | AD97: _ | AF97: _ | AH97: _ | AJ97: _ | AL97: _ | AN97: _ | AP97: _
B98: Pemphigoïde des muqueuses (ex pemphigoïde cicatricielle) avec atteinte muqueuse étendue et/ou atteinte oculaire sévère et/ou atteinte laryngée et en impasse thérapeutique après un traitement de 3 à 6 mois par corticothérapie générale et/ou immunosuppresseurs et/ou rituximab | F98: NON | H98: NON | J98: NON | L98: NON | N98: NON | P98: NON | R98: NON | T98: NON | V98: NON | X98: NON | Z98: NON | AB98: NON | AD98: NON | AF98: NON | AH98: NON | AJ98: NON | AL98: NON | AN98: NON | AP98: NON
F99: _ | H99: _ | J99: _ | L99: _ | N99: _ | P99: _ | R99: _ | T99: _ | V99: _ | X99: _ | Z99: _ | AB99: _ | AD99: _ | AF99: _ | AH99: _ | AJ99: _ | AL99: _ | AN99: _ | AP99: _
B100: Epidermolyse bulleuse acquise (EBA) avec atteinte muqueuse étendue et/ou atteinte oculaire sévère et/ou atteinte laryngée et en impasse thérapeutique après un traitement de 3 à 6 mois par corticothérapie générale et/ou immunosuppresseurs et/ou rituximab | F100: NON | H100: NON | J100: NON | L100: NON | N100: NON | P100: NON | R100: NON | T100: NON | V100: NON | X100: NON | Z100: NON | AB100: NON | AD100: NON | AF100: NON | AH100: NON | AJ100: NON | AL100: NON | AN100: NON | AP100: NON
F101: _ | H101: _ | J101: _ | L101: _ | N101: _ | P101: _ | R101: _ | T101: _ | V101: _ | X101: _ | Z101: _ | AB101: _ | AD101: _ | AF101: _ | AH101: _ | AJ101: _ | AL101: _ | AN101: _ | AP101: _
B102: Mucinose papuleuse engageant le pronostic vital avec manifestations graves, notamment neurologiques ou cardiaques ou mucineuse galopante et généralisée | F102: NON | H102: NON | J102: NON | L102: NON | N102: NON | P102: NON | R102: NON | T102: NON | V102: NON | X102: NON | Z102: NON | AB102: NON | AD102: NON | AF102: NON | AH102: NON | AJ102: NON | AL102: NON | AN102: NON | AP102: NON
F103: _ | H103: _ | J103: _ | L103: _ | N103: _ | P103: _ | R103: _ | T103: _ | V103: _ | X103: _ | Z103: _ | AB103: _ | AD103: _ | AF103: _ | AH103: _ | AJ103: _ | AL103: _ | AN103: _ | AP103: _
A104: Total Urgences Fonctionnelles | E104: =SUM(F104:AQ104) -> 0 | F104: =SUM(G56:G103) -> 0 | H104: =SUM(I56:I103) -> 0 | J104: =SUM(K56:K103) -> 0 | L104: =SUM(M56:M103) -> 0 | N104: =SUM(O56:O103) -> 0 | P104: =SUM(Q56:Q103) -> 0 | R104: =SUM(S56:S103) -> 0 | T104: =SUM(U56:U103) -> 0 | V104: =SUM(W56:W103) -> 0 | X104: =SUM(Y56:Y103) -> 0 | Z104: =SUM(AA56:AA103) -> 0 | AB104: =SUM(AC56:AC103) -> 0 | AD104: =SUM(AE56:AE103) -> 0 | AF104: =SUM(AG56:AG103) -> 0 | AH104: =SUM(AI56:AI103) -> 0 | AJ104: =SUM(AK56:AK103) -> 0 | AL104: =SUM(AM56:AM103) -> 0 | AN104: =SUM(AO56:AO103) -> 0 | AP104: =SUM(AQ56:AQ103) -> 0
A105: Degré de priorité ANSM | B105: Indications | F105: CLAIRYG | H105: GAMMAGARD | J105: GAMMANORN | L105: HIZENTRA | N105: HYQVIA | P105: KIOVIG | R105: OCTAGAM | T105: PANZYGA | V105: PRIVIGEN | X105: TEGELINE | Z105: CUVITRU | AB105: CUTAQUIG | AD105: FLEBOGAMMA | AF105: INTRATECT | AH105: IG VENA | AJ105: XEMBIFY | AL105: GAMUNEX | AN105: HUMAGLOBIN | AP105: PENTAGLOBIN
F106: Nombre de patients | H106: Nombre de patients | J106: Nombre de patients | L106: Nombre de patients | N106: Nombre de patients | P106: Nombre de patients | R106: Nombre de patients | T106: Nombre de patients | V106: Nombre de patients | X106: Nombre de patients | Z106: Nombre de patients | AB106: Nombre de patients | AD106: Nombre de patients | AF106: Nombre de patients | AH106: Nombre de patients | AJ106: Nombre de patients | AL106: Nombre de patients | AN106: Nombre de patients | AP106: Nombre de patients
A108: Indications non prioritaires [NP] | B108: Myosites à inclusion avec dysphagie pour les patients résistants aux corticoïdes et aux immunosuppresseurs | F108: NON | H108: NON | J108: NON | L108: NON | N108: NON | P108: NON | R108: NON | T108: NON | V108: NON | X108: NON | Z108: NON | AB108: NON | AD108: NON | AF108: NON | AH108: NON | AJ108: NON | AL108: NON | AN108: NON | AP108: NON
...

Sheet Situations hors-AMM&reco
B2: Objectif 2 : Repérage de situations hors-AMM d'IgIV non mentionnées dans les recommandations ANSM* et dont les utilisations sont significatives, avec éléments bibliographiques
B5: Résultats
B7: Indication | C7: Existence d’un DP spécifique permettant un suivi des consommations via le PMSI (cf. onglet "Méthodologie analyse conso IgIV") | D7: Titre référence bibliographique | E7: Lien web / DOI | F7: Type de références bibliographiques associé à l'indication : études (type), revues de littérature, recommandations, autres | G7: Date publication | H7: Nombre de patients | I7: Extrait de la conclusion des auteurs | J7: Commentaires OMEDIT
B8: Choc septique/ toxique (notamment staphylococcique et streptococcique) | C8: R57 : CHOC, NCA A40 : SEPSIS A STREPTOCOQUES A41 : AUTRES SEPSIS | D8: Neutralization of Staphylococcus aureus Panton Valentine leukocidin by intravenous immunoglobulin in vitro+D10:D21D10:D26D10:D29B125D10:D111 | E8: 10.1086/380909 | F8: Etude : Recherche fondamentale | G8: 2004 | H8: NC | I8: 2 objectifs pour cette étude: 1/ vérifier si les IgIV commercialisées (test réalisé sur Tegeline) contiennent des anticorps spécifiques anti-PVL 2/ vérifier si les IgIV peuvent prévenir les effets cytopathique de PVL in vitro. "Specific enzyme-linked immunosorbent assays based on purified recombinant PVL (rPVL) showed that IVIg contained specific anti-PVL antibodies." "IVIg was found to neutralize pore formation and the cytopathic effect of both rPVL and S. aureus culture supernatants."
B9: Choc septique/ toxique (notamment staphylococcique et streptococcique) | C9: R57 : CHOC, NCA A40 : SEPSIS A STREPTOCOQUES A41 : AUTRES SEPSIS | D9: Successful treatment of life-threatening Panton-Valentine leucocidin positive Staphylococcus aureus pneumonia with antibiotics and immunoglobulins targeting the toxin production | E9: 10.1016/j.revmed.2008.11.014 | F9: Etude : Case report | G9: 2009 | H9: 1 | I9: "Nous rapportons une observation de pneumopathie nécrosante à Staphylococcus aureus sensible à la méticilline sécréteur de la toxine de Panton-Valentine compliqué de défaillance multiviscérale incluant un syndrome de détresse respiratoire aiguë (SDRA), une défaillance cardiaque, une insuffisance rénale aiguë et une coagulation intravasculaire disséminée (CIVD). L’évolution clinique et biologique sous traitement probabiliste inhibant la sécrétion de toxine (linézolide, clindamycine et immunoglobulines) a été rapidement efficace"
B10: Choc septique/ toxique (notamment staphylococcique et streptococcique) | C10: R57 : CHOC, NCA A40 : SEPSIS A STREPTOCOQUES A41 : AUTRES SEPSIS | D10: Higher levels of IgA and IgG at sepsis onset are associated with higher mortality: results from the Albumin Italian Outcome Sepsis (ALBIOS) trial | E10: https://pubmed.ncbi.nlm.nih.gov/34825972/ | F10: Etude : Etude de cohorte prospective issue d'un essai contrôlé randomisé Analyse secondaire, réalisée à partir de l'étude italienne ALBIOS : étude de phase 3, prospective, multicentrique, controlée, randomisée, en ouvert | G10: 2021 | H10: 956 | I10: Analyse secondaire réalisée à partir de l'étude de l'étude italienne ALBIOS (Albumine Italian Outcome Sepsis) : étude de phase 3, prospective, multicentrique,controlée, randomisée, en ouvert, menée chez 1818 patients avec sepsis sévère ou choc septique. L'analyse secondaire a été réalisée à partir d'un sous-groupe de patients (n=956) chez lesquels des prélèvements sériques ont été réalisés à J1, J2 et J7 après inclusion. L'objectif étant de déterminer l'association entre taux sérique d'Ig et l'issue clinique. "we found that high levels of IgA and IgG on the first day of diagnosis were associated with a decreased 90-day survival. No association was found between IgM levels and survival. As such, the assessment of endogenous immunoglobulins could be a useful tool to identify septic patients at high risk of mortality."
B11: Choc septique/ toxique (notamment staphylococcique et streptococcique) | C11: R57 : CHOC, NCA A40 : SEPSIS A STREPTOCOQUES A41 : AUTRES SEPSIS | D11: Intravenous immunoglobulin G therapy in streptococcal toxic shock syndrome: a European randomized, double-blind, placebo-controlled trial | E11: 10.1086/376630 | F11: Etude : Essai contrôlé vs placebo, randomisé, en double aveugle & multicentrique | G11: 2003 | H11: 10 dans le bras IGIV | I11: "Although statistical significance was not reached in the primary end point, the trial provides further support for IVIG as an efficacious adjunctive therapy in STSS."
B12: Choc septique/ toxique (notamment staphylococcique et streptococcique) | C12: R57 : CHOC, NCA A40 : SEPSIS A STREPTOCOQUES A41 : AUTRES SEPSIS | D12: Score based immunoglobulin G therapy of patients with sepsis: the SBITS study | E12: https://pubmed.ncbi.nlm.nih.gov/18074471/ | F12: Etude : Essai randomisé, vs placebo, en double aveugle et multicentrique | G12: 2007 | H12: ivIgG group, n = 321 | I12: "In patients with score-defined severe sepsis, ivIgG with a total dose of 0.9 g/kg body weight does not reduce mortality."
B13: Choc septique/ toxique (notamment staphylococcique et streptococcique) | C13: R57 : CHOC, NCA A40 : SEPSIS A STREPTOCOQUES A41 : AUTRES SEPSIS | D13: Differences in potency of intravenous polyspecific immunoglobulin G against streptococcal and staphylococcal superantigens:implications for therapy of toxic shock syndrome | E13: 10.1086/381979 | F13: Etude : Recherche fondamentale | G13: 2004 | H13: NC | I13: "The findings demonstrate that staphylococcal superantigens are not inhibited as efficiently as streptococcal superantigens by IVIG, and, hence, a higher dose of IVIG may be required for therapy of staphylococcal toxic shock syndrome in order to achieve protective titers and clinical efficacy."
B14: Choc septique/ toxique (notamment staphylococcique et streptococcique) | C14: R57 : CHOC, NCA A40 : SEPSIS A STREPTOCOQUES A41 : AUTRES SEPSIS | D14: IVIG-mediated protection against necrotizing pneumonia caused by MRSA | E14: 10.1126/scitranslmed.aag1153 | F14: Etude : Recherche fondamentale | G14: 2016 | H14: NC | I14: "These results demonstrate the potential clinical utility of IVIG in the treatment of severe pneumonia induced by S. aureus."
B15: Choc septique/ toxique (notamment staphylococcique et streptococcique) | C15: R57 : CHOC, NCA A40 : SEPSIS A STREPTOCOQUES A41 : AUTRES SEPSIS | D15: Polyspecific Intravenous Immunoglobulin in Clindamycin-treated Patients With Streptococcal Toxic Shock Syndrome: A Systematic Review and Meta-analysis | E15: 10.1093/cid/ciy401 | F15: Revue de littérature : Méta-analyse : 4 études non randomisées + 1 randomisée | G15: 2018 | H15: 70 traités par IGIV + clindamycin | I15: "In conclusion, our study helps address doubt surrounding the use of IVIG in STSS. It also highlights the utility of synthesizing findings from small nonrandomized studies in the absence of large-scale trials. Overall, given the high morbidity and mortality rates associated with STSS, we support the use of IVIG as an adjunctive treatment for STSS, a recommendation that applies to the vast majority of patients with IGAS infection complicated by shock."
B16: Choc septique/ toxique (notamment staphylococcique et streptococcique) | C16: R57 : CHOC, NCA A40 : SEPSIS A STREPTOCOQUES A41 : AUTRES SEPSIS | D16: Intravenous Immunoglobulin Therapy for Streptococcal Toxic Shock Syndrome—A Comparative Observational Study. | E16: 10.1086/515199 | F16: Etude : Observationnelle comparative | G16: 1999 | H16: 21 traités par IGIV | I16: "the odds ratio for survival associated with IVIG therapy was 8.1 (95% confidence interval, 1.6–45; P Å .009). IVIG therapy enhanced the ability of patient plasma to neutralize bacterial mitogenicity and reduced T cell production of interleukin-6 and tumor necrosis factor a. IVIG may be an effective adjunctive therapy for streptococcal TSS, possibly because of its ability to neutralize bacterial exotoxins."
B17: Choc septique/ toxique (notamment staphylococcique et streptococcique) | C17: R57 : CHOC, NCA A40 : SEPSIS A STREPTOCOQUES A41 : AUTRES SEPSIS | D17: Clinical efficacy of polyspecific intravenous immunoglobulin therapy in patients with streptococcal toxic shock syndrome - a comparative observational study. | E17: 10.1093/cid/ciu449 | F17: Etude : Observationnelle comparative | G17: 2014 | H17: 23 traités par IGIV (44 témoins) | I17: "This comparative observational study of prospectively identified STSS patients demonstrates that both IVIG and clindamycin therapy contribute to a significantly improved survival in STSS."
B18: Choc septique/ toxique (notamment staphylococcique et streptococcique) | C18: R57 : CHOC, NCA A40 : SEPSIS A STREPTOCOQUES A41 : AUTRES SEPSIS | D18: Chocs toxiques dans les infections à cocci à Gram positif | E18: https://doi.org/10.1007/s13546-012-0460-2 | F18: Recommandations : Mise au point | G18: 2012 | H18: NC | I18: "Avec les mesures classiques de prise en charge du sepsis, il est recommandé d’utiliser les thérapeutiques antitoxiniques (clindamycine, IgIV si choc réfractaire), même si ces dernières n’ont pas à ce jour formellement prouvé leur efficacité."
B19: Choc septique/ toxique (notamment staphylococcique et streptococcique) | C19: R57 : CHOC, NCA A40 : SEPSIS A STREPTOCOQUES A41 : AUTRES SEPSIS | D19: Use of polyclonal immunoglobulins as adjunctive therapy for sepsis or septic shock | E19: https://pubmed.ncbi.nlm.nih.gov/18074464/ pas d'accè trouvé à l'article complet | F19: Etude : Meta-analyse d'éssais controlés randomisés (15 essais portant sur un total de 1492 adultes + 12 sur 710 nouveaux-nés) | G19: 2007 | H19: 2202 | I19: "Polyvalent immunoglobulins exert a significant effect on mortality in sepsis and septic shock, with a trend in favor of IgGAM."
B20: Choc septique/ toxique (notamment staphylococcique et streptococcique) | C20: R57 : CHOC, NCA A40 : SEPSIS A STREPTOCOQUES A41 : AUTRES SEPSIS | D20: Intravenous immunoglobulin for treating sepsis, severe sepsis and septic shock | E20: 10.1002/14651858.CD001090.pub2 | F20: Revue de littérature : Revue Cochrane | G20: 2013 | H20: Subgroup analysis of 10 polyclonal IVIG trials (n = 1430) and seven trials on IgM‐enriched polyclonal IVIG (n = 528) | I20: Update of a Cochrane review that was originally published in 1999 and updated in 2002 and 2010. "Polyclonal IVIG reduced mortality among adults with sepsis but this benefit was not seen in trials with low risk of bias. Among neonates with sepsis, there is sufficient evidence that standard polyclonal IVIG, as adjunctive therapy, does not reduce mortality based on the inclusion of the large polyclonal IVIG trial on neonates. For Ig-M enriched IVIG, the trials on neonates and adults were small and the totality of the evidence is still insufficient to support a robust conclusion of benefit. Adjunctive therapy with monoclonal IVIGs remains experimental."
B21: Syndrome néphrotique / DIS associé à un syndrome néphrotique | C21: N04 : SYND. NEPHROTIQUE | D21: Nephrotic syndrome associated with acquired immunodeficiency syndrome in children | E21: 10.1016/s0022-3476(05)80284-7 | F21: Etude : Série de cas | G21: 1991 | H21: NC | I21: ici cas de syndromes néphrotiques associés au SIDA (pédiatrie) : il y est mentionné que l'incidence du syndrome néphrotique était significativement superieure chez les individus ayant reçu des IgIV ou d'albumine que chez ceux n'en ayant pas reçu
B22: Syndrome néphrotique / DIS associé à un syndrome néphrotique | C22: N04 : SYND. NEPHROTIQUE | D22: Interventions for preventing infection in nephrotic syndrome | E22: 10.1002/14651858.CD003964.pub3 | F22: Revue de littérature : Revue Cochrane | G22: 2012 | H22: NC | I22: "IVIG, thymosin, oral transfer factor, BCG vaccine, Huangqi granules and TIAOJINING may have positive effects on the prevention of nosocomial or unspecified infection with no obvious serious adverse events in children with nephrotic syndrome. However the methodological quality of all studies was poor, the sample sizes small, and all studies were from China, and thus there is no strong evidence on the effectiveness of these interventions. "
B23: Syndrome néphrotique / DIS associé à un syndrome néphrotique | C23: N04 : SYND. NEPHROTIQUE | D23: Centre de Référence Syndrome Néphrotique Idiopathique - Protocole National de Diagnostic et de Soins (PNDS) "Syndrome néphrotique idiopathique de l’enfant" | E23: https://www.has-sante.fr/jcms/c_2628561/fr/syndrome-nephrotique-idiopathique-de-l-enfant | F23: Recommandations : Recommandations groupe d'experts (PNDS) | G23: 2016 | H23: NC | I23: "Chez l’enfant sous fortes doses de corticoïdes, inhibiteur des calcineurines (Ciclosporine ou Tacrolimus) ou mycophenolate mofetil, des immunoglobulines spécifiques antivaricelle (VARITECT®) peuvent être obtenues sur ATU (de cohorte) pour un traitement dans les 48-96h. suivant le contage. [Varicelle]" + dans la partie ESI et leur surveillance : "Une substitution en immunoglobulines peut être nécessaire en cas d’hypogammaglobulinémie secondaire."
B24: Syndrome néphrotique / DIS associé à un syndrome néphrotique | C24: N04 : SYND. NEPHROTIQUE | D24: IPNA clinical practice recommendations for the diagnosis and management of children with steroid-resistant nephrotic syndrome | E24: 10.1007/s00467-020-04519-1 | F24: Recommandations : Recommandations groupe d'experts | G24: 43952 | H24: NC | I24: International Pediatric Nephrology Association : "We thus suggest considering prophylactic IgG substitution as in other cases of secondary hypogammaglobulinemia in patients presenting with recurrent and/or severe infections " + "We recommend treating susceptible patients (i.e., those not or inadequately immunized to varicella and exposed to chickenpox) with varicella-zoster immunoglobulin (VZIG) (grade A, strong recommendation)" + "We suggest that immunoglobulin substitution be considered in cases of low serum IgG levels AND recurrent and/or severe infections (grade D, weak recommendation)."
B25: Epilepsie auto-immune chez l'enfant | C25: G40 : EPILEP. G41 : ETAT DE MAL EPILEP. A noter : Pas de possibilité de distinguer les épilepsies auto-immunes à l'aide d'un DP spécifique | D25: The recognition and treatment of autoimmune epilepsy in children | E25: https://doi.org/10.1111/dmcn.12647 | F25: Recommandations /Revue de littérature | G25: 2014 | H25: NC | I25: When autoimmune epilepsy is suspected, first-line immune therapy with corticosteroids in addition to intravenous immunoglobulin or plasma exchange should be considered.
B26: Epilepsie auto-immune chez l'enfant | C26: G40 : EPILEP. G41 : ETAT DE MAL EPILEP. A noter : Pas de possibilité de distinguer les épilepsies auto-immunes à l'aide d'un DP spécifique | D26: Treating Immune-Related Epilepsy | E26: 10.1007/s11910-018-0821-y | F26: Revue de littérature | G26: 2018 | H26: NC | I26: Autoimmune epilepsy is an increasingly recognized entity. Conventional treatments for epilepsy, such as antiseizure medications and epilepsy surgery, are less successful in treating epilepsy caused by autoimmune disease. Immunomodulatory therapies such as corticosteroids, intravenous immunoglobulin, and plasma exchange are generally more successful in treating immune-mediated epilepsy than conventional epilepsy therapies.
B27: Epilepsie résistante de l'enfant / Syndrome de Dravet | C27: G40 : EPILEP. G41 : ETAT DE MAL EPILEP. A noter : Pas de possibilité de distinguer les épilepsies auto-immunes à l'aide d'un DP spécifique | D27: Efficacy of Intravenous Immunoglobulin in a Cohort of Children With Drug-Resistant Epilepsy | E27: 10.1016/j.pediatrneurol.2014.11.011 | F27: Etude : Etude de cohorte rétrospective | G27: 2015 | H27: 27 | I27: "Following treatment with intravenous immunoglobulin, the following outcomes were noted: four were seizure-free, eight had 90% reduction, five had 75% reduction, and five had 50% reduction. A total of 22 (81%) patients had a positive clinical response to treatment from baseline. Five patients (19%) were not responsive. No clear relationship of responsiveness to intravenous immunoglobulin with regard to age, gender, or epilepsy syndrome was apparent; however, the small numbers in each category precluded meaningful statistical analysis." "Our findings and those of others suggest that intravenous immunoglobulin is a potentially high efficacy, low side effect profile therapy in the treatment of children with drug-resistant epilepsies. Intravenous immunoglobulin was able to reduce multiple seizure types in a variety of epilepsy etiologies, including those of unknown cause." | J27: Un PNDS "syndrome de Dravet" élaboré par le centre de référence des épilepsies rares a été publié en septembre 2021 : Pas de mention des Ig dans le PNDS pour cette pathologie.
B28: Epilepsie résistante de l'enfant / Syndrome de Dravet | C28: G40 : EPILEP. G41 : ETAT DE MAL EPILEP. A noter : Pas de possibilité de distinguer les épilepsies auto-immunes à l'aide d'un DP spécifique | D28: * Mohamad A. Mikati *, Rana Kurdi, Ziad El-Khoury, Amal Rahi, Wissam Raad. Intravenous immunoglobulin therapy in intractable childhood epilepsy: Open-label study and review of the literature. Epilepsy & Behavior 17 (2010) 90–94 | E28: 10.1016/j.yebeh.2009.10.020 | F28: Etude et revue : Etude prospective en ouvert + revue de littérature | G28: 2010 | H28: 37 | I28: "Of thirty-seven 9.9 ± 0.9-year-old patients (11 with partial seizures, 26 with generalized seizures of whom 9 had West syndrome and 17 Lennox–Gastaut syndrome) followed for 15 ± 3 months, 43% had a >50% decrease in seizures (including 15% seizure free, 229 ± 58 compared with 104 ± 3 seizures/month, P = 0.035: generalized 246 ± 318 to 117 ± 200, P = 0.025, partial 191 ± 437 to 72 ± 179, P > 0.05; power = 0.2). Males were more likely to respond than females (P = 0.011, odds ratio = 9.3). Review of the literature revealed nine other articles reporting efficacy of IVIG against epileptic seizures. Only one other used statistical methods and, unlike ours, showed only a trend toward seizure frequency reduction without achieving statistical significance, presumably because it was underpowered. These results indicate large-scale controlled studies of IVIG in epilepsy are still needed."
B29: Ictère néonatal / allo-immunisation maternofoetale (AIMF) érythrocytaire | C29: P59 : ICTERE NEONAT. DU A DES CAUSES NCA OU SAI P58 : ICTERE NEONAT. DU A D'AUTRES HEMOLYSES EXCESSIVES P55 : MAL. HEMOLYTIQUE DU N.N. | D29: High dose intravenous immunoglobulin therapy and neonatal jaundice due to red blood cell alloimmunization | E29: 10.1016/j.arcped.2009.05.015 | F29: Recommandations : Mise au point | G29: 2009 | H29: NC | I29: "Les IgIV conjuguées à la Pt sont efficaces dans la prise en charge des ictères sévères du nouveau-né liés à une incompatibilité érythrocytaire. Leur tolérance est excellente. Plusieurs travaux ont montré qu’elles réduisaient la nécessité du recours à l’EST, la durée de Pt et d’hospitalisation."
B30: Ictère néonatal / allo-immunisation maternofoetale (AIMF) érythrocytaire | C30: P59 : ICTERE NEONAT. DU A DES CAUSES NCA OU SAI P58 : ICTERE NEONAT. DU A D'AUTRES HEMOLYSES EXCESSIVES P55 : MAL. HEMOLYTIQUE DU N.N. | D30: Systematic review of intravenous immunoglobulin in haemolytic disease of the newborn. | E30: 10.1136/fn.88.1.F6 | F30: Revue de la littérature : Revue systématique | G30: 2003 | H30: 226 | I30: Systematic review of randomised and quasi-randomised controlled trials comparing HDIVIG and phototherapy with phototherapy alone in neonates with Rh and/or ABO incompatibility. "Significantly fewer infants required exchange transfusion in the HDIVIG group (relative risk (RR) 0.28 (95% confidence interval (CI) 0.17 to 0.47); number needed to treat 2.7 (95% CI 2.0 to 3.8)). Also hospital stay and duration of phototherapy were significantly reduced." + "HDIVIG is an effective treatment"
B31: Ictère néonatal / allo-immunisation maternofoetale (AIMF) érythrocytaire | C31: P59 : ICTERE NEONAT. DU A DES CAUSES NCA OU SAI P58 : ICTERE NEONAT. DU A D'AUTRES HEMOLYSES EXCESSIVES P55 : MAL. HEMOLYTIQUE DU N.N. | D31: Efficacy and safety of intravenous immunoglobulins in the management of neonatal hyperbilirubinemia due to ABO incompatibility: A meta-analysis. | E31: 10.1016/j.arcped.2014.02.005 | F31: Revue de la littérature : Meta-analyse essais cliniques randomisés et contrôlés comparant l’efficacité de la PT (groupe PT) à celle de la PT associée aux IgIV (groupe IgIV) sur le recours aux EST dans l’IFME ABO néonatale | G31: 2014 | H31: NC | I31: "Les IgIV associées à la PT permettent une réduction du recours aux EST et de la durée de PT. Elles sont bien tolérées et peuvent être un adjuvant thérapeutique dans l’ictère néonatal sévère par IFME ABO."
B32: Ictère néonatal / allo-immunisation maternofoetale (AIMF) érythrocytaire | C32: P59 : ICTERE NEONAT. DU A DES CAUSES NCA OU SAI P58 : ICTERE NEONAT. DU A D'AUTRES HEMOLYSES EXCESSIVES P55 : MAL. HEMOLYTIQUE DU N.N. | D32: Ictere a bilirubine non conjuguée du nouveau-né de 35 semaines et plus : du dépistage au suivi après sortie de la maternité . Recommandations pour la pratique clinique. | E32: https://doi.org/10.1016/j.arcped.2016.11.011 | F32: Recommandations : RPC | G32: 2017 | H32: NC | I32: "Les immunoglobulines polyvalentes administrées par voie intraveineuse (IgIV) à la dose de 1 g/kg sont recommandées comme adjuvant à une PTI bien conduite dans les hyperbilirubinémies par immunohémolyse documentée, donc les IFME rhésus ou ABO. Les indications doivent être restreintes aux cas où la BTS progresse de 8 à 10 μmol/L/h sous PTI dans le seul but d’éviter le recours à une EST."
B33: Ictère néonatal / allo-immunisation maternofoetale (AIMF) érythrocytaire | C33: P59 : ICTERE NEONAT. DU A DES CAUSES NCA OU SAI P58 : ICTERE NEONAT. DU A D'AUTRES HEMOLYSES EXCESSIVES P55 : MAL. HEMOLYTIQUE DU N.N. | D33: Management of Hyperbilirubinemia in the Newborn Infant 35 or More Weeks of Gestation. | E33: 10.1542/peds.114.1.297 | F33: Recommandations : RPC | G33: 2004 | H33: NC | I33: "In infants with isoimmune hemolytic disease and TSB level rising in spite of intensive phototherapy or within 2–3 mg/dL (34–51 μmol/L) of exchange level (Fig 4), administer intravenous immunoglobulin 0.5–1 g/kg over 2 h and repeat in 12 h if necessary "
B34: Ictère néonatal / allo-immunisation maternofoetale (AIMF) érythrocytaire | C34: P59 : ICTERE NEONAT. DU A DES CAUSES NCA OU SAI P58 : ICTERE NEONAT. DU A D'AUTRES HEMOLYSES EXCESSIVES P55 : MAL. HEMOLYTIQUE DU N.N. | D34: Intravenous immune globulin in neonatal immune hemolytic disease: does it reduce hemolysis? | E34: 10.1111/j.1651-2227.1996.tb13924.x | F34: Etude : Etude observationnelle | G34: 1996 | H34: 19 | I34: "We conclude that IVIG, when successful, inhibits hemolysis in these infants."
B35: Ictère néonatal / allo-immunisation maternofoetale (AIMF) érythrocytaire | C35: P59 : ICTERE NEONAT. DU A DES CAUSES NCA OU SAI P58 : ICTERE NEONAT. DU A D'AUTRES HEMOLYSES EXCESSIVES P55 : MAL. HEMOLYTIQUE DU N.N. | D35: Immunoglobulines polyvalentes intraveineuses et ictère néonatal par allo-immunisation érythrocytaire, | E35: https://doi.org/10.1016/j.arcped.2009.05.015 | F35: Recommandations : Mise au point | G35: 2009 | H35: NC | I35: "La revue de la littérature montre que leur utilisation précoce chez les nouveau-nés atteints d’ictère par allo-immunisation érythrocytaire permet, sans effet indésirable, une diminution significative du nombre d’EST ainsi qu’une réduction significative de la durée de la photothérapie et de l’hospitalisation. Les données concernant l’augmentation du risque de transfusion tardive qu’elles occasionneraient sont controversées."
B36: Ictère néonatal / allo-immunisation maternofoetale (AIMF) érythrocytaire | C36: P59 : ICTERE NEONAT. DU A DES CAUSES NCA OU SAI P58 : ICTERE NEONAT. DU A D'AUTRES HEMOLYSES EXCESSIVES P55 : MAL. HEMOLYTIQUE DU N.N. | D36: Immunoglobulin infusion for isoimmune haemolytic jaundice in neonates. Cochrane Database Syst Rev. | E36: 10.1002/14651858.CD003313 | F36: Revue de la littérature : Revue Cochrane | G36: 2002 | H36: NC | I36: "Although the results show a significant reduction in the need for exchange transfusion in those treated with intravenous immunoglobulin, the applicability of the results is limited. The number of studies and infants included is small and none of the three included studies was of high quality. The protocols of two of the studies mandated the use of early exchange transfusion, limiting the generalizability of the results. Further well designed studies are needed before routine use of intravenous immunoglobulin can be recommended for the treatment of isoimmune haemolytic jaundice."
B37: Ictère néonatal / allo-immunisation maternofoetale (AIMF) érythrocytaire | C37: P59 : ICTERE NEONAT. DU A DES CAUSES NCA OU SAI P58 : ICTERE NEONAT. DU A D'AUTRES HEMOLYSES EXCESSIVES P55 : MAL. HEMOLYTIQUE DU N.N. | D37: Therapeutic management of fetal anemia:review of standard practice and alternative treatment option. | E37: 10.1515/jpm-2012-0093 | F37: Revue de la littérature : Revue Cochrane | G37: 2012 | H37: NC | I37: "Clinical indications for use of IVIG are derived from isolated case reports or small case series, which might be because severe fetal anemia before 15 weeks is exceptional or unsuccess-ful cases are not published. Strict protocols should be stan-dardized and should specify several aspects of alternative treatment modalities such as the onset and intervals between interventions, the optimal dosage of IVIG administration, the indications for combination with plasmapheresis, and the end point of the therapy. "
B38: Ictère néonatal / allo-immunisation maternofoetale (AIMF) érythrocytaire | C38: P59 : ICTERE NEONAT. DU A DES CAUSES NCA OU SAI P58 : ICTERE NEONAT. DU A D'AUTRES HEMOLYSES EXCESSIVES P55 : MAL. HEMOLYTIQUE DU N.N. | D38: Therapeutic plasma exchange and intravenous immunoglobulin as primary therapy for D alloimmunization in pregnancy precludes the need for intrauterine transfusion | E38: 10.1111/trf.12633 | F38: Etude : Case report | G38: 2014 | H38: 1 | I38: "Our unique TPE-IVIG protocol was successful at preventing the onset of severe fetal anemia in a patient with high titer anti-D. Since IUT may be fatal, our approach offers a safer and less-invasive treatment regime that can adequately sustain a fetus until term."
B39: Ictère néonatal / allo-immunisation maternofoetale (AIMF) érythrocytaire | C39: P59 : ICTERE NEONAT. DU A DES CAUSES NCA OU SAI P58 : ICTERE NEONAT. DU A D'AUTRES HEMOLYSES EXCESSIVES P55 : MAL. HEMOLYTIQUE DU N.N. | D39: Antenatal immunoglobulin for fetal red blood cell alloimmunization (Review) | E39: 10.1002/14651858.CD008267.pub2 | F39: Revue de la littérature : Revue Cochrane | G39: 2013 | H39: NC | I39: "No information is available from randomized trials to indicate whether the antenatal use of intravenous immunoglobulin is effective in the management of fetal red blood cell alloimmunization. Several case series suggest a beneficial role in delaying the onset of fetal anaemia requiring invasive intrauterine transfusion."
B40: Infection à BK Polyomavirus chez une greffé rénale | D40: BK Polyomavirus in Solid Organ Transplantation | E40: 10.1111/ajt.12110 | F40: Revue de la littérature | G40: 2013 | H40: NC | I40: "Intravenous immunoglobulin (IVIG) preparations have been administered in doses ranging from 0.2 to 2.0 g/kg in conjunction with reduced immunosuppression 100. Commercially available IVIG preparations contain high titers of potent BKV neutralizing antibodies . IVIG does not penetrate the intracellular compartment, but its direct neutralizing activity and plethora of indirect immunomodulatory effects could contribute to an improved resolution of active disease."
B41: Infection à BK Polyomavirus chez une greffé rénale | D41: Intravenous Immunoglobulin as a Treatment for BK Virus Associated Nephropathy: One-Year Follow-Up of Renal Allograft Recipients | E41: 10.1097/01.tp.0000181096.14257.c2 | F41: Etude : Série de cas | G41: 2006 | H41: 8 | I41: "n addition to a reduction of immunosuppressive therapy, patients received 2 g/kg IVIG. After a mean follow-up of 15 months, all except one patient are currently off dialysis. In summary, after IVIG therapy, 88% of patients still have functioning grafts, although renal function continues to be impaired. The benefit of concomitant IVIG and reduction of immunosuppressive therapy in BKVAN needs to be further addressed in randomized, multicentered trials."
B42: Infection à BK Polyomavirus chez une greffé rénale | D42: Polyomavirus BK Neutralizing Activity in Human Immunoglobulin Preparations | E42: 10.1097/tp.0b013e3181daaaf1 | F42: Etude : Recherche fondamentale | G42: 2011 | H42: NC | I42: "Human IVIG preparations contain BKV neutralizing antibodies. Data on neutralizing capacity of these antibodies are presented to aid dose exploration in clinical trials seeking to validate the use of IVIG in patients with BKV infection."
B43: Infection à BK Polyomavirus chez une greffé rénale | D43: Intravenous immunoglobulin as rescue therapy for BK virus nephropathy | E43: 10.1111/j.1399-3046.2008.00958.x | F43: Etude : Case report | G43: 2009 | H43: 1 | I43: "In conclusion, IVIg may provide an additional treatment option among the limited therapeutic approaches available for the rising threat of BKVN. Future studies involving more patients, with longer follow-ups, are needed to evaluate this issue."
B44: Infection à BK Polyomavirus chez une greffé rénale | D44: Commercially Available Immunoglobulins ContainVirus Neutralizing Antibodies Against All Major Genotypes of Polyomavirus BK | E44: 10.1111/ajt.13083 | F44: Autre : Editorial | G44: 2015 | H44: NC | I44: IG contains potent NAbs capable of neutralizing all major BKV genotypes. Clinical trials based on sound pharmacokinetic principles are needed to explore prophylactic and therapeutic applications of these anti-viral effects, until effective small molecule inhibitors of BKV replication can be developed.
B45: Infection à BK Polyomavirus chez une greffé rénale | D45: Efficacy of Intravenous Immunoglobulin in the Treatment of Persistent BK Viremia and BK Virus Nephropathy in Renal Transplant Recipients | E45: https://pubmed.ncbi.nlm.nih.gov/26281134/ | F45: Etude : Série de cas | G45: 2014 | H45: 30 | I45: IVIG administration appeared to be safe and effective in treating BK viremia and BKVN and in preventing graft loss in patients who had inadequate response to immunosuppression reduction and leflunomide therapy.
B46: Infection à BK Polyomavirus chez une greffé rénale | D46: Intravenous immunoglobulin therapy in the treatment of BK viremia and nephropathy in pediatric renal transplant recipients | E46: 10.1111/j.1399-3046.2010.01384.x | F46: Etude : Série de cas | G46: 2010 | H46: 4 | I46: IVIG seems to be an effective treatment for persistent BKV after reduction in immunosuppression and for BKVN and can therefore be considered as a therapeutic option in these patients.
B47: Infection à BK Polyomavirus chez une greffé rénale | D47: Clearance of BK Virus Nephropathy by Combination Antiviral therapy with intravenous immunoglobulin | E47: 10.1097/TXD.0000000000000641 | F47: Etude : Observationnelle rétrospective | G47: 2017 | H47: NC | I47: Combination treatment incorporating adjuvant IVIG was more effective eliminating virus from BKVAN, compared with conventional therapy. Validation by multicenter randomized trial is needed.
B48: Myocardite | C48: I40 : MYOCARDITE AIG. I41 : MYOCARDITE AVEC MAL. CL. AILL. | D48: Viral causes of human myocarditis | E48: 10.1016/j.acvd.2009.04.010 | F48: Revue de la littérature : Article de revue de littérature | G48: 2009 | H48: NC | I48: "Immunoglobulins have been shown to have both an antiviral and an anti-inflammatory effect. They may suppress proinflammatory cytokines and reduce oxidative stress. A prospective placebo-controlled trial was designed to determinewhether intravenous immunoglobulin improves LVEF in adults with recent-onset idiopathic dilated cardiomyopathy or myocarditis. Sixty-two patients (37 men, 25 women) with recent onset (< 6 months of symptoms) dilated cardiomyopathy and LVEF less than 0.40 were randomized to 2 g/kg intravenous immunoglobulin or placebo. All underwen an EMB before randomization, which revealed cellular inflammation in 16% of cases. These results suggest that for patients with recent-onset dilated cardiomyopathy, intravenous immunoglobulin does not augment the improvement in LVEF. However, in the overall cohort, LVEF improved significantly during follow-up, and the short-term prognosis remains favourable [43]. However, a trial is still lacking that takes into account the different aetiologies (different viruses assessed separately vs non-viral/autoreactive vs placebo)"
B49: Myocardite | C49: I40 : MYOCARDITE AIG. I41 : MYOCARDITE AVEC MAL. CL. AILL. | D49: Controlled trial of intravenous immune globulin in recent-onset dilated cardiomyopathy | E49: 10.1161/01.cir.103.18.2254 | F49: Etude : Essai contrôlé randomisé en double aveugle | G49: 2001 | H49: 62 dont 33 avec IGIV | I49: "The present study did not demonstrate evidence of therapeutic efficacy for immune globulin administration for adults with recent onset of dilated cardiomyopathy."
B50: Myocardite | C50: I40 : MYOCARDITE AIG. I41 : MYOCARDITE AVEC MAL. CL. AILL. | D50: Intravenous immunoglobulin therapy in adult patients with idiopathic chronic cardiomyopathy and cardiac parvovirus B19 persistence: a prospective, double-blind, randomized, placebo-controlled clinical trial | E50: 10.1002/ejhf.2082 | F50: Etude : Essai contrôlé randomisé en double aveugle | G50: janv. 2021 | H50: 53 dont 27 avec IGIV | I50: "Intravenous immunoglobulin therapy does not significantly improve cardiac systolic function or functional capacity beyond standard medical therapy in patients with idiopathic chronic DCM and cardiac B19V persistence."
B51: Myocardite | C51: I40 : MYOCARDITE AIG. I41 : MYOCARDITE AVEC MAL. CL. AILL. | D51: Intravenous immunoglobulin for presumed viral myocarditis in children and adults (Review) | E51: 10.1002/14651858.CD004370.pub3 | F51: Revue de la littérature | G51: 2015 | H51: NC | I51: "Evidence from one trial does not support the use of IVIG for the treatment of adults with presumed viral myocarditis. The only paediatric trial had high risk of bias but suggested that benefit may be seen in the select group of children beyond the neonatal period who have viral encephalitis with myocarditis. Until higher‐quality studies have demonstrated benefit in a particular group of patients, IVIG for presumed viral myocarditis should not be provided as routine practice in any situation. Further studies of the pathophysiology of myocarditis would lead to improved diagnostic criteria, which would facilitate future research"
B52: Myocardite | C52: I40 : MYOCARDITE AIG. I41 : MYOCARDITE AVEC MAL. CL. AILL. | D52: Intravenous immunoglobulin in children with acute myocarditis and/or early dilated cardiomyopathy | E52: 10.1007/s13312-014-0456-2 | F52: Etude : Etude de cohorte rétrospective | G52: 2014 | H52: 28 dont 12 traités par IGIV | I52: In conclusion, this study suggests that IVIG for the treatment of acute myocarditis and/or early dilated cardiomyopathy is associated with improved recovery of left ventricular function and a reduction in the episodes of fulminant arrhythmias.
B53: Myocardite | C53: I40 : MYOCARDITE AIG. I41 : MYOCARDITE AVEC MAL. CL. AILL. | D53: Treatment of acute inflammatory cardiomyopathy with intravenous immunoglobulin ameliorates left ventricular function associated with suppression of inflammatory cytokines and decreased oxidative stress | E53: 10.1016/S0167-5273(03)00002-0 | F53: Etude : Série de cas | G53: 2003 | H53: 9 | I53: "Thus, IVIg seems to be a promising agent in the therapy of acute inflammatory cardiomyopathy in view of not only suppression of inflammatory cytokines but a reduction of oxidative stress."
B54: Myocardite | C54: I40 : MYOCARDITE AIG. I41 : MYOCARDITE AVEC MAL. CL. AILL. | D54: Gamma-Globulin treatment of acute myocarditis in the pediatric population | E54: 10.1161/01.cir.89.1.252 | F54: Etude : Observationelle analytique cohorte prospective | G54: 1994 | H54: 21 | I54: These data suggest that use of high-dose IVIG for treatment of acute myocarditis is associated with improved recovery of left ventricular function and with a tendency to better survival during the first year after presentation.
B55: Myocardite | C55: I40 : MYOCARDITE AIG. I41 : MYOCARDITE AVEC MAL. CL. AILL. | D55: Intravenous immunoglobulin therapy for patients with idiopathic cardiomyopathy and endomyocardial biopsy-proven high PVB19 viral load | E55: 10.3851/IMP1516 | F55: Etude : Etude pilote | G55: 2010 | H55: 17 | I55: The present pilot study demonstrates that IVIg significantly reduces viral load and improves cardiac function in patients with DCM related to increased PVB19 viral load in the heart.
B56: Myopathie à némaline acquise de l'adulte (SLONM) = myopathie nécrosante autoimmune à regrouper avec ci-dessus ? 2 sous-catégories si indication émergente | C56: G72 : MYOPATHIES, NCA A noter : ce code ne permet pas de distinguer les différents types de myopathies | D56: Myopathie à némaline acquise de l'adulte (SLONM) = myopathie nécrosante autoimmune à regrouper avec ci-dessus ? 2 sous-catégories si indication émergente | E56: 10.1212/WNL.0000000000007777 | F56: Etude : Etude retrospective de dossiers patients | G56: 43647 | H56: 28 | I56: "Initial treatment with IVIg is reasonable in all patients, followed by ASCT or chemotherapy as second-line therapy in patients with an associated MP."
B57: Myopathie nécrosante à anticorps anti-HMGCoa reductase d'origine médicamenteuse = myopathie nécrosante autoimmune | C57: G72 : MYOPATHIES, NCA A noter : ce code ne permet pas de distinguer les différents types de myopathies | D57: Myopathie auto-immune en rapport avec l’anticorps anti 3-hydroxy-3-méthylglutaryl-coenzyme A réductase comme étiologie émergeante des myopathies nécrosantes induites par les statines | E57: https://doi.org/10.1016/j.rhum.2013.08.002 | F57: Etude : Case report | G57: 2014 | H57: 1 | I57: "Le patient n’était pas amélioré par les corticoïdes et le méthotrexate et avait nécessité des perfusions d’immunoglobulines IV (IGIV). La force musculaire s’est améliorée progressivement, le taux des CPK s’est normalisé et les IGIV étaient arrêtés un an plus tard."
B58: Neuromyelite optique anti MOG ou maladie de Devic | D58: Neuromyélite optique aiguë (maladie de Devic) | E58: 10.1016/S0246-0378(16)62856-7 | F58: Etude : Case report | G58: 2016 | H58: 1 | I58: Il n'y a toujours pas de gold standard concernant le protocole thérapeutique à proposer dans la NMO. Cela devrait cependant être bouleversé avec la mise en place d'essais cliniques randomisés en double insu. Le consensus actuel repose sur une immunosuppression générale ou sélective (rituximab). | J58: Un PNDS "Les maladies du spectre de la neuromyélite optique" a été publié en mars 2021 : "Gestion de la poussée chez un patient dont le diagnostic d’une NMOSD est déjà posé : Chez l'enfant : Si les symptômes sont très sévères ou s’améliorenttrop peu rapidement, on peut proposerdes perfusions d’immunoglobulines (IgIV) à la dose de 2g/kg sur 2jours (1g/kg/j 2 fois) en association aux bolus de méthylprednisolone. Une petite étude a rapporté une diminution des rechutes chez la moitié des patients atteints de NMOSD utilisant des IgIV après une réponse insuffisante aux stéroïdes"
B59: Neuromyelite optique anti MOG ou maladie de Devic | D59: Traitement de la neuromyélite optique de Devic durant de la grossesse | E59: 10.11604/pamj.2016.24.230.9167 | F59: Revue de littérature | G59: 2016 | H59: NC | I59: "Les immunoglobulines intraveineuses sont prescrites dans le traitement des attaques sévères de NMO qui ne répondent pas aux bolus intraveineux de methylprednisolone. Elles sont administrées à la dose de 0,4 g/kg/j pendant 5 jours consécutifs [32]. Elles permettent une amélioration clinique et une réduction significative du taux des rechutes [33]. Les perfusions intraveineuses d’immunoglobulines sont soit poursuivies à la dose 0,4 g/kg/j toutes les 6 à 8 semaines jusqu’à l’accouchement [32, 33], soit relayées par un autre traitement notamment corticothérapie orale ou immunosuppresseurs. Les immunoglobulines intraveineuses peuvent également être administrées en l’alternative à la plasmaphérèse et vice versa."
B60: Neuromyelite optique anti MOG ou maladie de Devic | D60: The effect of intravenous immunoglobulin on neuromyelitis optica | E60: 10.1016/j.nrl.2012.03.014 | F60: Etude : Essai non randomisé, ouvert | G60: 2013 | H60: 8 | I60: "Treatment with IVIG is safe and well-tolerated, and it may be used as a treatment alternative for NMO spectrum disorders."
B61: Neuromyelite optique anti MOG ou maladie de Devic | D61: Neuromyélite optique ou maladie de Devic | E61: https://www.arsep.org/library/media/other/docs_patients/NMO-dossier-complet-ARSEP-2018.pdf | F61: Autre : Dossier rédigé par une fondation pour la recherche (ARSEP) | G61: 2018 | H61: NC | I61: Mention IVIG
B62: Neuropathie à petites fibres | D62: Neuropathies à petites fibres: approche diagnostique et traitement, et place de son association au syndrome de Gougerot-Sjögren primaire SNFMI 2010 | E62: 10.1016/j.revmed.2010.07.022 | F62: Revue de littérature | G62: 2010 | H62: NC | I62: The effectiveness of intravenous immunoglobulins is only supported by a few case reports.
B63: Neuropathie à petites fibres | D63: Intravenous immunoglobulin treatlent for painful sensory neuropathy associated with Sjogren's syndrome | E63: 10.1016/j.jns.2008.12.018 | F63: Etude : Essai non contrôlé ouvert | G63: 1998 | H63: 5 | I63: IVIg might be an effective treatment for pain in Sjögren's syndrome-associated neuropathy. Further studies should be done in a controlled, blind study.
B64: Neuropathie à petites fibres | D64: High dose IV immunoglobulin for peripheral neuropathy associated with Sjogren's syndrome. | E64: 10.1212/wnl.51.2.650-b | F64: Autre : Lettre à l'éditeur | G64: 1998 | H64: NC | I64: Les auteurs discutent les résultats d'une étude (Grant et al) et décrivent le cas d'une patiente "In September 1996, she received IVIg, 30 g daily for 5 days, along with a 2-week course of prednisone. She experienced a dramatic clinical response starting 2 days after finishing IVIg. She remained asymptomatic until the first week of April 1997, when distal pain and cramps reappeared. IVIg (34 g daily), without steroids, were infused again for 5 days with immediate disappearance of distal pain. After 1 month, she remains asymptomatic, requiring no analgesics. Our case is similar to Grant et al.’s patients diagnosed with peripheral neuropathy associated with sicca complex.’ As pointed out, the best treatment for this disabling condition is not known, After reviewing the literature, we have not found any Sjogren’s patient receiving IVIg as a treatment for associated peripheral neuropathy. Recently, IVIg has been shown to be effective for SS-associated arthritis in one patient.* Although our observation in a single patient requires further confirmation, it suggests a beneficial effect of IVIg in SS-associated peripheral polyneuropathy, which is the commonest neurologic manifestation of this symptom complex. Thus, IVIg seems to be an additional therapeutic option for selected SS patients with peripheral polyneuropathy in whom conventional treatment fails or is contraindicated. Despite the habitual absence of vasculitic changes in peripheral nerve biopsy of these patients, this observation lends weight to the contention that peripheral polyneuropathy associated with sicca complex is immunologically mediated." Réponse des auteurs :"polyneuropathy, ocular sicca symptoms, and some objective evidence suggesting SS is reported to have experienced a “clear subjective and objective response” to steroids and IVIg treatment, both separately and in combination. Given the mild deficits they describe, this response apparently consisted mainly of pain relief. We have treated several patients with SS and sensory neuropathy with plasma exchange IVIg or steroids. In general, we have not found unequivocal evidence of clinical response to any of these treatments. We have found that some patients have improved with or without treatment. Claims of favorable treatment effects must be viewed with caution. [...]"
B65: Neuropathie à petites fibres | D65: Experience of Intravenous Immunoglobulin Therapy in Neuropathy Associated With Primary Sjo¨gren’s Syndrome: A National Multicentric Retrospective Study | E65: 10.1002/acr.20495 | F65: Etude : Observationnelle rétrospective | G65: 2011 | H65: 19 | I65: IVIG may be useful in the treatment of SS-associated sensorimotor neuropathies or nonataxic sensory neuropathy without any necrotizing vasculitis. The benefit of such therapy in the SS-related ataxic neuropathy seems less clear.
B66: Neuropathie à petites fibres | D66: IVIg for apparently autoimmune small-fiber polyneuropathy: first analysis of efficacy and safety | E66: 10.1177/1756285617744484 | F66: Revue de littérature | G66: 2018 | H66: 55 | I66: These results provide Class IV, real-world, proof-of-concept evidence suggesting that IVIg is safe and effective for rigorously selected SFPN patients with apparent autoimmune causality. They provide rationale for prospective trials, inform trial design and indirectly support the discovery of small-fiber-targeting autoimmune/inflammatory illnesses.
B67: Neuropathie anti MAG | D67: Immunotherapy for IgM anti‐myelin‐associated glycoprotein paraprotein‐associated peripheral neuropathies | E67: 10.1002/14651858.CD002827.pub4 | F67: Revue de littérature | G67: 2016 | H67: NC | I67: There is inadequate reliable evidence from trials of immunotherapies in anti-MAG paraproteinaemic neuropathy to form an evidence base supporting any particular immunotherapy treatment. IVIg has a statistically but probably not clinically significant benefit in the short term.
B68: Neuropathie anti MAG | D68: European Federation of Neurological Societies/Peripheral Nerve Society Guideline on management of chronic inflammatory demyelinating polyradiculoneuropathy: Report of a joint task force of the European Federation of Neurological Societies and the Peripheral Nerve Society - First Revision | E68: 10.1111/j.1468-1331.2009.02930.x | F68: Revue de littérature + recommandations (avis d'experts ) | G68: 2010 | H68: NC | I68: "The principal treatment recommendations were: (i) intravenous immunoglobulin (IVIg) (Recommendation Level A) or corticosteroids (Recommendation Level C) should be considered in sensory and motor CIDP; (ii) IVIg should be considered as the initial treatment in pure motor CIDP (Good Practice Point); (iii) if IVIg and corticosteroids are ineffective, plasma exchange (PE) should be considered (Recommendation Level A)"
B69: Neuropathie anti MAG | D69: Étude descriptive d’une cohorte de patients suivis en Gironde pour une neuropathie associée à une gammapathie monoclonale de signification indéterminée avec une activité anti-mag : aspects cliniques, électrophysiologiques, prise en charge et réponse thérapeutique | E69: https://dumas.ccsd.cnrs.fr/dumas-01975385 | F69: Etude : Descriptive | G69: 43466 | H69: 47 (cohorte) | I69: "Nous avons constaté une bonne réponse clinique à court terme chez environ 40 à 50% de nos patients traités par immunoglobulines et par Rituximab, sans qu’il n’y ait de différence en termes d’apparition de handicap entre les patients répondeurs et non répondeurs aux traitements."
B70: Neuropathie associée à la maladie de Gougerot-Sjögren | D70: Experience of intravenous immunoglobulin therapy in neuropathy associated with primary Sjögren's syndrome: a national multicentric retrospective study | E70: 10.1002/acr.20495 | F70: Etude : Observationnelle rétrospective | G70: 2011 | H70: 19 | I70: "IVIG may be useful in the treatment of SS-associated sensorimotor neuropathies or nonataxic sensory neuropathy without any necrotizing vasculitis. The benefit of such therapy in the SS-related ataxic neuropathy seems less clear." | J70: Un PNDS "Maladie(ou syndrome) deSjögren" a été publié en mars 2022 : « Dans les PIDC en dehors du contexte spécifique du SS, il existe un essai randomisé contrôlé positif démontrant l’intérêt des IgIV mensuelles administrées à la dose de 2 g/kg en 4 jours, versus corticoïdes. Cet essai ainsi que des séries rétrospectives au cours du SS soutiennent le recours aux IgIV dans les PIDC du SS. Dans les ganglionopathies en revanche, les données de la littérature sont moins favorables aux recours aux IgIV. Sur la base de recommandations d’experts et des séries de cas, les alternatives dans les formes sévères sont une corticothérapie par bolus ou un traitement immunosuppresseur par MMF ou cyclophosphamide. Dans certaines formes de ganglionopathies associées à des auto-anticorps (non disponibles en routine), le rituximab peut être proposé. Etant donnée la gravité potentielle et le peu de littérature sur ce type de neuropathies, il est fortement conseilléde discuter le traitement de ces neuropathies au cas par cas en RCP au sein des centres de référence/compétence.
B71: Neuropathie associée à la maladie de Gougerot-Sjögren | D71: Intravenous immunoglobulin treatment in painful sensory neuropathy without sensory ataxia associated with Sjögren’s syndrome | E71: 10.1136/jnnp.2005.084533 | F71: Etude : Case report | G71: 2006 | H71: 1 | I71: "As this report as well as those concerning ataxic neuropathy indicated responsiveness to intravenous Ig, a randomised prospective trial of intravenous treatment in neuropathies associated with Sjögren's syndrome is warranted."
B72: Neuropathie axonale sensitive d'origine indéterminée | D72: Neuropathies des petites fibres: approche diagnostique et traitement, et place de son association au syndrome de Gougerot-Sjögren primaire SNFMI 2010 | E72: 10.1016/j.revmed.2010.07.022 | F72: Revue de littérature | G72: 2010 | H72: NC | I72: "Les traitements corticoïdes et immunosuppresseurs sont habituellement inefficaces et l’intérêt des immunoglobulines polyvalentes ne tient qu’à quelques cas rapportés"
B73: Neuropathie axonale sensitive d'origine indéterminée | D73: Intravenous immunoglobulin treatment in paraneoplastic neurological syndromes with antineuronal autoantibodies | E73: 10.1136/jnnp.60.4.388 | F73: Etude : Essai non contrôlé ouvert | G73: 1996 | H73: 22 | I73: Treatment with IVIg at the doses given in the present protocol was not effective in paraneoplastic CNS syndromes associated with antineuronal antibodies. The role of this regime in the treatment of SSN should be further evaluated.
B74: Neuropathie axonale sensitive d'origine indéterminée | D74: Treatment of paraneoplastic neurological syndromes with antineuronal antibodies (Anti-Hu, anti-Yo) with a combination of immunoglobulins, cyclophosphamide, and methylprednisolone. | E74: 10.1136/jnnp.68.4.479 | F74: Etude : Essai non contrôlé ouvert | G74: 2000 | H74: 17 | I74: Despite its methodological limitations, this trial indicates that combined treatment with IVIg, CTX, and MP in patients with PEM/SN or PCD with antineuronal Ab is well tolerated but does not seem to be useful in debilitated patients (RS >4). The question remains open of a transient stabilisation in this regimen in a minority of the patients (mainly with SN) who are still ambulatory at the onset of treatment (RS <3).
B75: Neuropathie axonale sensitive d'origine indéterminée | D75: Sensory Neuronopathies | E75: 10.1002/mus.24943 | F75: Revue de littérature | G75: 2016 | H75: NC | I75: Paraneoplastic Sensory Neuronopathies : Immunomodulatory therapy includes corticosteroids, intravenous immunoglobulin (IVIg), plasma exchange, cyclophosphamide, rituximab, and sirolimus. Efficacy of these treatments is not clear, although patients with mild disability and early disease demonstrate more improvement. Guidelines recommend that, with anti-Hu or anti–CV2/CRMP-5 antibodies, treatment should begin with high-dose steroids and/or IVIg followed by cyclophosphamide if a cancer is not found. Immune-Mediated Sensory Neuronopathies : "No randomized, controlled trials of treatments in Sjogren-associated SN exist. A variety of treatments have been reported, including plasma exchange, IVIg, rituximab, corticosteroids,and cyclophosphamide. Azathioprine as an oral agent has also had some success. Some data indicate that patients with sensorimotor polyneuropathy without ataxia respond better to IVIg than Sjogren-associated SN. One protocol recommends treating initial presentation of SN with IVIg (0.4 g/kg/day35 days for a total of 2 g/kg), followed by monthly infusions if there is minimal or no improvement or if symptoms recur." "Several patients have been reported to have both systemic lupus erythematosus (SLE) and SN. Two of 3 patients developed SN well in advance of their SLE symptoms. IVIg resulted in improvement in 1 patient." Idiopathic Sensory Neuronopathies : "The patients in this series were treated with various immunotherapies including corticosteroids, IVIg, and cyclosporine with generally poor response, although all were treated late in their disease course" Inherited and Degenerative Neuronopathies : "Trials of several immunosuppressive agents have been mostly disappointing,11,164 although a temporary response to plasma exchange and IVIg has been reported"
B76: Neuropathie axonale sensitive d'origine indéterminée | D76: Experience of intravenous immunoglobulin therapy in neuropathy associated with primary Sjögren's syndrome: a national multicentric retrospective study. | E76: 10.1002/acr.20495 | F76: Etude : Observationnelle rétrospective | G76: 2011 | H76: 19 | I76: "IVIG may be useful in the treatment of SS-associated sensorimotor neuropathies or nonataxic sensory neuropathy without any necrotizing vasculitis. The benefit of such therapy in the SS-related ataxic neuropathy seems less clear."
B77: Neuropathie axonale sensitive d'origine indéterminée | D77: Benefit of IVIG for long-standing ataxic sensory neuronopathy with Sjögren's syndrome. | E77: 10.1212/01.wnl.0000046680.47883.7d | F77: Etude : Série de cas | G77: 2003 | H77: 5 | I77: "The authors conclude that IVIG is safe and effective to treat even chronically debilitated patients who have the disease, presumably because it ameliorates smoldering inflammation."
B78: Neuropathie axonale sensitive d'origine indéterminée | D78: Autoimmune autonomic ganglionopathy: a case series of six patients and literature review | E78: 10.1016/j.revmed.2010.01.008 | F78: Etude : Série de cas | G78: 2010 | H78: 6 | I78: "Tous les patients bénéficiaient d’un traitement initial par immunoglobulines intraveineuses et l’évolution clinique était jugée favorable chez quatre patients sur six." "Les ganglionopathies autonomiques auto-immunes sont des pathologies rares et méconnues qu’il faut savoir évoquer devant un syndrome pandysautonomique isolé d’installation subaiguë. Ces neuropathies dysimmunitaires sont accessibles dans une majorité de cas à un traitement immunomodulateur avec l’obtention de rémissions cliniques prolongées."
B79: Périartérite noueuse = vascularite nécrosante systémique hors vascularites à ANCA - cf PNDS vérifier si mention des IG? | C79: Si possible M30.0 : PERIARTERITE NOUEUSE ET AFF. APPARENTEES N.B : M30 n'est pas assez spécifique (intègre également le Kawasaki (AMM)). | D79: PNDS Vascularites nécrosantes systémiques (périartérite noueuse et vascularites) 2019 | E79: https://www.has-sante.fr/upload/docs/application/pdf/2019-06/pnds_vns.pdf | F79: Recommandations : groupe d'experts (PNDS) | G79: 43617 | H79: NC | I79: Pas de mention des Ig pour PAN (pour VAA oui)
B80: PIMS (paediatric inflammatory multisystem syndrome) également appelé MIS-C (multisystem inflammatory syndrome in children) Kawasaki-like chez les enfants atteints de la COVID19 / Myocardite post-COVID chez l'enfant | C80: U07 : CODES POUR USAGE URGENT U10 : SYNDROME INFLAMMATOIRE MULTISYSTEMIQUE ASSOCIE A LA COVID-19 | D80: An outbreak of severe Kawasaki-like disease at the Italian epicentre of the SARS-CoV-2 epidemic: an observational cohort study | E80: https://doi.org/10.1016/S0140-6736(20)31103-X | F80: Etude : Observationnelle rétrospective | G80: 43952 | H80: NC | I80: "All patients were administered intravenous immunoglobulin at 2 g/kg. "
B81: PIMS (paediatric inflammatory multisystem syndrome) également appelé MIS-C (multisystem inflammatory syndrome in children) Kawasaki-like chez les enfants atteints de la COVID19 / Myocardite post-COVID chez l'enfant | C81: U07 : CODES POUR USAGE URGENT U10 : SYNDROME INFLAMMATOIRE MULTISYSTEMIQUE ASSOCIE A LA COVID-19 | D81: Hyperinflammatory shock in children during COVID-19 pandemic. | E81: 10.1016/S0140-6736(20)31094-1 | F81: Autre : Lettre à l'éditeur | G81: 43952 | H81: NC | I81: mention d'un traitement par IVIG : "All children were given intravenous immunoglobulin (2 g/kg) in the first 24 h"
B82: PIMS (paediatric inflammatory multisystem syndrome) également appelé MIS-C (multisystem inflammatory syndrome in children) Kawasaki-like chez les enfants atteints de la COVID19 / Myocardite post-COVID chez l'enfant | C82: U07 : CODES POUR USAGE URGENT U10 : SYNDROME INFLAMMATOIRE MULTISYSTEMIQUE ASSOCIE A LA COVID-19 | D82: COVID-19 and multisystem inflammatory syndrome in children: a systematic review and meta-analysis | E82: 10.1002/ppul.25245 | F82: Revue de la littérature : Meta-analyse | G82: 44197 | H82: NC | I82: The majority of patients received intravenous immunoglobulin (81.0%; 95% CI, 75.0-86.9)
B83: PIMS (paediatric inflammatory multisystem syndrome) également appelé MIS-C (multisystem inflammatory syndrome in children) Kawasaki-like chez les enfants atteints de la COVID19 / Myocardite post-COVID chez l'enfant | C83: U07 : CODES POUR USAGE URGENT U10 : SYNDROME INFLAMMATOIRE MULTISYSTEMIQUE ASSOCIE A LA COVID-19 | D83: Kawasaki-like multisystem inflammatory syndrome in children during the covid-19 pandemic in Paris, France: prospective observational study | E83: 10.1136/bmj.m2094 | F83: Etude : Observationnelle prospective | G83: 43983 | H83: 21 | I83: All 21 patients received high dose intravenous immunoglobulin (2 g/kg) after fever for a median duration of 5 (range 0-12) days
B84: PIMS (paediatric inflammatory multisystem syndrome) également appelé MIS-C (multisystem inflammatory syndrome in children) Kawasaki-like chez les enfants atteints de la COVID19 / Myocardite post-COVID chez l'enfant | C84: U07 : CODES POUR USAGE URGENT U10 : SYNDROME INFLAMMATOIRE MULTISYSTEMIQUE ASSOCIE A LA COVID-19 | D84: Paediatric multisystem inflammatory syndrome temporally associated with SARS-CoV-2 mimicking Kawasaki disease (Kawa-COVID-19): a multicentre cohort | E84: 10.1136/annrheumdis-2020-217960 | F84: Etude : Observationnelle prospective | G84: aout-2020 | H84: 16 | I84: Fifteen patients (94%) received a first infusion of 2 g/Kg of intravenous immunoglobulin (IVIg). Among these patients and as a second line of treatment: four received a second IVIg infusion, one received a second IVIg infusion associated with steroids, two received steroids and finally, two received other biologics. Aspirin was added to IVIg either at anti-inflammatory doses (30 to 80 mg/kg/day) in seven (47%) patients or as an anti-aggregant in eight (53%) patients. One patient received IL-1 receptor antagonist (anakinra 4 mg/kg) for respiratory distress and another received IL-6 receptor antagonist (tocilizumab 8 mg/kg) for persistent systemic inflammation. One patient received hydroxychloroquine for initial suspicion of systemic lupus erythematosus. None of the patients received antiviral treatment.
B85: PIMS (paediatric inflammatory multisystem syndrome) également appelé MIS-C (multisystem inflammatory syndrome in children) Kawasaki-like chez les enfants atteints de la COVID19 / Myocardite post-COVID chez l'enfant | C85: U07 : CODES POUR USAGE URGENT U10 : SYNDROME INFLAMMATOIRE MULTISYSTEMIQUE ASSOCIE A LA COVID-19 | D85: Immunoglobulins Plus Methylprednisolone vs Immunoglobulins Alone With Course of Fever in Multisystem Inflammatory Syndrome in Children | E85: 10.1001/jama.2021.0694 | F85: Etude : cohorte rétrospective | G85: 44256 | H85: 106 | I85: Among children with MIS-C, treatment with IVIG and methylprednisolone vs IVIG alone was associated with a more favorable fever course. Study interpretation is limited by the observational design.
B86: PIMS (paediatric inflammatory multisystem syndrome) également appelé MIS-C (multisystem inflammatory syndrome in children) Kawasaki-like chez les enfants atteints de la COVID19 / Myocardite post-COVID chez l'enfant | C86: U07 : CODES POUR USAGE URGENT U10 : SYNDROME INFLAMMATOIRE MULTISYSTEMIQUE ASSOCIE A LA COVID-19 | D86: Réponse rapide dans le cadre de la COVID-19 : Repérage et prise en charge du syndrome inflammatoire multi-systémique pédiatrique (PIMS) post-infectieux | E86: https://www.has-sante.fr/upload/docs/application/pdf/2021-07/rr_pims-version_finale_2021_07_06._version4_pourinsertionlogos.pdf | F86: Recommandations : HAS | G86: 44378 | H86: NC | I86: Le traitement peut comprendre et associer, selon la sévérité de l’état clinique du patient : corticothérapie, immunoglobulines, anti-agrégants, anticoagulants, antibiotiques voire biothérapies.
B87: Pyoderma gangrenosum | C87: L88 : PYODERMITE GANGRENEUSE | D87: Therapy of pyoderma gangrenosum in Germany: results of a survey among wound experts | E87: 10.1111/ddg.12585 | F87: Etude : cohorte rétrospective | G87: 2015 | H87: 50 | I87: Systemic agents such as dapsone (16 %), intravenous immunoglobulins (14 %), methotrexate (6 %), cyclophosphamide (4 %), tacrolimus (4 %), and rituximab (2 %), however, are given less frequently.
B88: Pyoderma gangrenosum | C88: L88 : PYODERMITE GANGRENEUSE | D88: Adalimumab: a treatment option for pyoderma gangrenosum after failure of systemic standard therapies | E88: https://drive.google.com/file/d/1hGsBr9pUYhTIR5c3J2g4yizsbnyXHQ0K/view | F88: Etude : Case report | G88: 2012 | H88: NC | I88: Les IgIV sont mentionnées uniquement dans la partie introduction comme une des options thérapeutiques : "IIn extensive cases, steroid-sparing agents such as ciclosporine, azathioprine, dapsone, methotrexate, mycophenolate mofetil, tacrolimus, intravenously applied immunoglobulines, colchicine, or 5-aminosalicylate, can be used with unpredictable and often poor outcomes"
B89: Pyoderma gangrenosum | C89: L88 : PYODERMITE GANGRENEUSE | D89: The role of anti-tumor necrosis factor-alpha therapy in Pyoderma gangrenosum associated with inflammatory bowel disease | E89: 10.2165/00128071-200708020-00002 | F89: Revue de littérature | G89: 2007 | H89: NC | I89: La revue de littérature a été réalisée sur la classe des anti-TNF. Les IgIV sont mentionnées uniquement dans la partie introduction "The mainstay of treatment of PG is still immunosuppression and the most commonly used drugs are corticosteroids and cyclosporine (ciclosporin). Since the pathophysiology of PG is poorly understood, several other therapies with nonspecific antiinflammatory properties (azathioprine, methotrexate, tacrolimus, intravenous immunoglobulin, dapsone, colchicine) have also been used with various outcomes"
B90: Syndrome cérébelleux d'origine diverses | D90: Responses to and Outcomes of Treatment of Autoimmune Cerebellar Ataxia in Adults | E90: 10.1001/jamaneurol.2015.2378 | F90: Etude : cohorte | G90: 2015 | H90: 118 | I90: Réponse aux immunoglobulines Une amélioration a été rapportée avec un traitement composé de corticostéroïdes (33 des 84 patients [39,3 %], dont 8 sur 39 dans le groupe paranéoplasique [20,5 %] et 25 sur 45 dans le groupe non paranéoplasique [55,6 %]), d’immunoglobulines intraveineuses (11 sur 44 [25,0 %], dont 2 sur 17 dans le groupe paranéoplasique [11,8 %] et 9 sur 27 dans le groupe non paranéoplasique [33,3 %]),
B91: Syndrome cérébelleux d'origine diverses | D91: Guidelines for treatment of immune-mediated cerebellar ataxias | E91: 10.1186/s40673-015-0034-y | F91: Recommandations : Guidelines | G91: 2015 | H91: NC | I91: "In this review, we evaluated the efficacy of each immunotherapy based on case reports and retrospective studies. When CAs are triggered by certain known antigenic stimulants, priority should be directed towards treatment of the underlying conditions. For example, gluten-free diet in GA and removal of neoplasms in PCD. In cases where CAs progress after treatment of the underlying condition, immunotherapy should follow. On the other hand, when CAs are not triggered by any other condition (e.g., in GAD Abs-CA and steroid-response IMCA associated with anti-thyroid antibodies), induction immunotherapies is provided first to minimize CAs, followed by maintenance immunotherapy to prevent relapse. Various combinations of immunotherapies have been used, ranging from IVIg, corticosteroids, immunosuppressants, plasmapheresis, and rituximab, depending on the subtype of IMCAs (Table 4)."
B92: Syndrome cérébelleux d'origine diverses | D92: Low-Titre GAD Antibody-Associated Late-Onset Cerebellar Ataxia with a Significant Clinical Response to Intravenous Immunoglobulin Treatment | E92: 10.1007/s12311-017-0851-z | F92: Etude : Case report | G92: 2017 | H92: 1 | I92: "Intravenous immunoglobulin (IVIg) therapy was started, 0.4 g/kg daily, for five consecutive days. Significant improvement was observed, especially in the field of posture and gait disturbance. Ataxia in the lower extremities and tremor in the upper extremities were less pronounced. Slightly diminished degree of gaze-evoked nystagmus was seen at the follow-up examination. ICARS score after treatment was 22 and SARA score was 9. Relevant impairment, especially in the field of speech, persisted so that additional therapy methylprednisolone 1-g/day intravenously was administered for three consecutive days. However, no neurological improvement was seen after high-dose corticosteroid therapy. The diagnosis of low-titre GAD-Abs CA was established based on the age at onset, the chronic onset, positive GAD-Abs, progressive cerebellar atrophy on CT and MRI scans and the partial response to immunotherapy. The patient gave her written informed consent for data analysis and for the publication of this case report."
B93: Syndrome cérébelleux d'origine diverses | D93: Anti-Yo positive and late-onset paraneoplastic cerebellar degeneration associated with ovarian carcinoma: A case report | E93: 10.1097/MD.0000000000007362 | F93: Etude : Case report | G93: 2017 | H93: 1 | I93: PCD with anti-Yo (+) could exhibit after ovarian cancer, whose symptoms could be significantly improved after treatment by IVIG and a large-dose methylprednisolone. This would contribute to the early detection and treatment of PCD for ovarian cancer patients, which is important for patients to have a good prognosis.
B94: Syndrome de Dravet | C94: G40 : EPILEP. G41 : ETAT DE MAL EPILEP. | D94: Efficacy of Intravenous Immunoglobulin in a Cohort of Children With Drug-Resistant Epilepsy | E94: 10.1016/j.pediatrneurol.2014.11.011 | F94: Etude : Observationnelle rétrospective | G94: 2015 | H94: 27 | I94: Our findings and those of others suggest that intravenous immunoglobulin is a potentially high efficacy, low side effect profile therapy in the treatment of children with drug-resistant epilepsies. Intravenous immunoglobulin was able to reduce multiple seizure types in a variety of epilepsy etiologies, including those of unknown cause.
B95: Syndrome de Dravet | C95: G40 : EPILEP. G41 : ETAT DE MAL EPILEP. | D95: Intravenous immunoglobulin therapy in intractable childhood epilepsy: Open-label study and review of the literature. | E95: 10.1016/j.yebeh.2009.10.020 | F95: Etude : Prospective ouverte non controlée (étude pilote?) | G95: 2009 | H95: 37
B96: Syndrome de Susac SICRET Syndrome | D96: Susac syndrome: a report of four cases and a review of the literature | E96: https://pubmed.ncbi.nlm.nih.gov/15037459/ | F96: Etude : Case report | G96: 2004 | H96: 1 | I96: 1 seul cas avec immunoglobines sans évocation des résultats
B97: Syndrome de Susac SICRET Syndrome | D97: Susac syndrome: clinical characteristics and treatment in 29 new cases | E97: 10.1111/j.1468-1331.2011.03627.x | F97: Etude : Observationnelle rétrospective | G97: 2012 | H97: 15 | I97: Mention de traitement par IVIg chez 15 patients: "Improvement or stabilization was noted in eight of 11 cases treated with IVIg in the acute period (three experienced at least partial deterioration)"
B98: Syndrome de Susac SICRET Syndrome | D98: Diagnostic Criteria and Treatment Algorithm for Susac Syndrome | E98: 10.1097/WNO.0000000000000677 | F98: Revue de littérature | G98: 2019 | H98: NC | I98: With the large number of anecdotal reports in the literature and personal experience, a number of recommendations can be made (Table 4). All patients with active SS should be started on corticosteroids and IVIg.
B99: Syndrome de Susac SICRET Syndrome | D99: Characteristics of Susac syndrome : a review of all reported cases | E99: 10.1038/nrneurol.2013.82 | F99: Revue de littérature | G99: 2013 | H99: 164 publications recensant 304 cas | I99: Prospective or randomized controlled trials of treatments for Susac syndrome do not exist owing to the rarity of this disorder and the lack of knowledge on its pathogenesis. Empirical treatment strategies are based on the hypothesis of an autoimmune inflammatory endotheliopathic aetiology signs of inflammation in brain biopsies and cerebrospinal fluid and on the reports of good response to immunosuppressive and immunomodulatory therapy in single case reports and case series. Expert recommendations are based on experience of treatment of juvenile dermatomyositis—an autoimmune disease that has some characteristics in common with Susac syndrome. Treatment comprises aggressive multimodal immunosuppressive therapy in the acute period, with high doses of corticosteroids, cyclophosphamide, methotrexate, azathioprine and/or mycophenolate mofetil, and intravenous immunoglobulins.
B100: Syndrome de Susac SICRET Syndrome | D100: Susac Syndrome Treated with Subcutaneous Immunoglobulin | E100: 10.1159/000354181 | F100: Etude : Série de cas | G100: 2014 | H100: 2 | I100: "We conclude that the application of subcutaneous immunoglobulin is easy to learn, helps to reduce in-hospital costs and enables a more flexible everyday life. The treatment with subcutaneous immunoglobulin helps to reduce immunosuppressants and appears to prevent relapses."
B101: Syndrome de Susac SICRET Syndrome | D101: Treatment of Susac Syndrome,Curr Treat Options | E101: 10.1007/s11940-008-0008-y | F101: Recommandations : Opinion statement | G101: 2008 | H101: NA | I101: Treatment requires immunosuppression. High-dose corticosteroid therapy is the mainstay, but additional therapies such as intravenous immunoglobulin, mycophenolate mofetil, and cyclophosphamide are often necessary. Rituximab is the newest therapy to consider. Treatment should be prompt, aggressive, and sustained to avoid the dreaded residuals of dementia, deafness, and blindness.
B102: Syndrome de Susac SICRET Syndrome | D102: Clinical features, diagnostic findings, and treatment of Susac syndrome: a case series | E102: 10.1016/j.jns.2015.06.063 | F102: Etude : Série de cas | G102: 2015 | H102: 5 | I102: Immunomodulatory agents more potent than glucocorticoids and IVIg might be required to control the disease.
B103: Syndrome des anti-synthétases | D103: Syndrome des antisynthétases : diagnostic et traitements | E103: https://www.revmed.ch/view/535488/4328516/RMS_469_808.pdf | F103: Cas clinique + revue de littérature | G103: 2015 | I103: "Elles ont été utilisées chez quinze patients atteints d’une dermatomyosite résistant aux stéroïdes (2 g/kg sur deux jours, une fois par mois pendant trois mois) et comparées au placebo, montrant une amélioration significative de la force musculaire, de la peau et de l’histologie musculaire.15 Les Ig IV peuvent être utilisées lors d’intolérance due aux effets secondaires des autres immunosuppresseurs ou lorsqu’ils sont contre-indiqués. Enfin, depuis peu, les atteintes œsophagiennes sévères entamant le pronostic vital peuvent être traitées en première intention avec les Ig IV, en plus de hautes doses de CS.16"
B104: Syndrome des anti-synthétases | D104: Intérêt des immunoglobulines sous-cutanées dans un syndrome des antisynthétases avec déficit immunitaire secondaire | E104: 10.1016/j.revmed.2016.10.360 | F104: Etude : Case report | G104: 2016 | H104: 1 | I104: "Les IgSC constituent une alternative thérapeutique potentielle dans le traitement des myosites avec antisynthétase, justifiant des études ultérieures."
...

Sheet Synthèse des résultats
B6: Etat des lieux de l'utilisation des IMMUNOGLOBULINES HUMAINES NORMALES dans les établissements de santé
B10: Nom de l'établissement : | F10: ='Fiche signalétique ES'!F9 -> 0
B12: Date : | F12: ='Fiche signalétique ES'!F11 -> 0
B14: Répartition selon les degrés de priorisation de l'ANSM
E16: % [P] | G16: % [UF] | I16: % [NP] | K16: % [NJ-NA] | M16: % [NH]
C17: CLAIRYG | E17: =IFERROR('Tableau de recueil'!F52/'Tableau de recueil'!F161,"") | G17: =IFERROR('Tableau de recueil'!F104/'Tableau de recueil'!F161,"") | I17: =IFERROR('Tableau de recueil'!F112/'Tableau de recueil'!F161,"") | K17: =IFERROR('Tableau de recueil'!F145/'Tableau de recueil'!F161,"") | M17: =IFERROR('Tableau de recueil'!F160/'Tableau de recueil'!F161,"")
C18: GAMMAGARD | E18: =IFERROR('Tableau de recueil'!H52/'Tableau de recueil'!H161,"") | G18: =IFERROR('Tableau de recueil'!H104/'Tableau de recueil'!H161,"") | I18: =IFERROR('Tableau de recueil'!H112/'Tableau de recueil'!H161,"") | K18: =IFERROR('Tableau de recueil'!H145/'Tableau de recueil'!H161,"") | M18: =IFERROR('Tableau de recueil'!H160/'Tableau de recueil'!H161,"")
C19: GAMMANORM | E19: =IFERROR('Tableau de recueil'!J52/'Tableau de recueil'!J161,"") | G19: =IFERROR('Tableau de recueil'!J104/'Tableau de recueil'!J161,"") | I19: =IFERROR('Tableau de recueil'!J112/'Tableau de recueil'!J161,"") | K19: =IFERROR('Tableau de recueil'!J145/'Tableau de recueil'!J161,"") | M19: =IFERROR('Tableau de recueil'!J160/'Tableau de recueil'!J161,"")
C20: HIZENTRA | E20: =IFERROR('Tableau de recueil'!L52/'Tableau de recueil'!L161,"") | G20: =IFERROR('Tableau de recueil'!L104/'Tableau de recueil'!L161,"") | I20: =IFERROR('Tableau de recueil'!L112/'Tableau de recueil'!L161,"") | K20: =IFERROR('Tableau de recueil'!L145/'Tableau de recueil'!L161,"") | M20: =IFERROR('Tableau de recueil'!L160/'Tableau de recueil'!L161,"")
C21: HYQVIA | E21: =IFERROR('Tableau de recueil'!N52/'Tableau de recueil'!N161,"") | G21: =IFERROR('Tableau de recueil'!N104/'Tableau de recueil'!N161,"") | I21: =IFERROR('Tableau de recueil'!N112/'Tableau de recueil'!N161,"") | K21: =IFERROR('Tableau de recueil'!N145/'Tableau de recueil'!N161,"") | M21: =IFERROR('Tableau de recueil'!N160/'Tableau de recueil'!N161,"")
C22: KIOVIG | E22: =IFERROR('Tableau de recueil'!P52/'Tableau de recueil'!P161,"") | G22: =IFERROR('Tableau de recueil'!P104/'Tableau de recueil'!P161,"") | I22: =IFERROR('Tableau de recueil'!P112/'Tableau de recueil'!P161,"") | K22: =IFERROR('Tableau de recueil'!P145/'Tableau de recueil'!P161,"") | M22: =IFERROR('Tableau de recueil'!P160/'Tableau de recueil'!P161,"")
C23: OCTAGAM | E23: =IFERROR('Tableau de recueil'!R52/'Tableau de recueil'!R161,"") | G23: =IFERROR('Tableau de recueil'!R104/'Tableau de recueil'!R161,"") | I23: =IFERROR('Tableau de recueil'!R112/'Tableau de recueil'!R161,"") | K23: =IFERROR('Tableau de recueil'!R145/'Tableau de recueil'!R161,"") | M23: =IFERROR('Tableau de recueil'!R160/'Tableau de recueil'!R161,"")
C24: PANZYGA | E24: =IFERROR('Tableau de recueil'!T52/'Tableau de recueil'!T161,"") | G24: =IFERROR('Tableau de recueil'!T104/'Tableau de recueil'!T161,"") | I24: =IFERROR('Tableau de recueil'!T112/'Tableau de recueil'!T161,"") | K24: =IFERROR('Tableau de recueil'!T145/'Tableau de recueil'!T161,"") | M24: =IFERROR('Tableau de recueil'!T160/'Tableau de recueil'!T161,"")
C25: PRIVIGEN | E25: =IFERROR('Tableau de recueil'!V52/'Tableau de recueil'!V161,"") | G25: =IFERROR('Tableau de recueil'!V104/'Tableau de recueil'!V161,"") | I25: =IFERROR('Tableau de recueil'!V112/'Tableau de recueil'!V161,"") | K25: =IFERROR('Tableau de recueil'!V145/'Tableau de recueil'!V161,"") | M25: =IFERROR('Tableau de recueil'!V160/'Tableau de recueil'!V161,"")
C26: TEGELINE | E26: =IFERROR('Tableau de recueil'!X52/'Tableau de recueil'!X161,"") | G26: =IFERROR('Tableau de recueil'!X104/'Tableau de recueil'!X161,"") | I26: =IFERROR('Tableau de recueil'!X112/'Tableau de recueil'!X161,"") | K26: =IFERROR('Tableau de recueil'!X145/'Tableau de recueil'!X161,"") | M26: =IFERROR('Tableau de recueil'!X160/'Tableau de recueil'!X161,"")
C27: CUVITRU | E27: =IFERROR('Tableau de recueil'!Z52/'Tableau de recueil'!Z161,"") | G27: =IFERROR('Tableau de recueil'!Z104/'Tableau de recueil'!Z161,"") | I27: =IFERROR('Tableau de recueil'!Z112/'Tableau de recueil'!Z161,"") | K27: =IFERROR('Tableau de recueil'!Z145/'Tableau de recueil'!Z161,"") | M27: =IFERROR('Tableau de recueil'!Z160/'Tableau de recueil'!Z161,"")
C28: CUTAQUIG | E28: =IFERROR('Tableau de recueil'!AB52/'Tableau de recueil'!AB161,"") | G28: =IFERROR('Tableau de recueil'!AB104/'Tableau de recueil'!AB161,"") | I28: =IFERROR('Tableau de recueil'!AB112/'Tableau de recueil'!AB161,"") | K28: =IFERROR('Tableau de recueil'!AB145/'Tableau de recueil'!AB161,"") | M28: =IFERROR('Tableau de recueil'!AB160/'Tableau de recueil'!AB161,"")
C29: FLEBOGAMMA | E29: =IFERROR('Tableau de recueil'!AD52/'Tableau de recueil'!AD161,"") | G29: =IFERROR('Tableau de recueil'!AD104/'Tableau de recueil'!AD161,"") | I29: =IFERROR('Tableau de recueil'!AD112/'Tableau de recueil'!AD161,"") | K29: =IFERROR('Tableau de recueil'!AD145/'Tableau de recueil'!AD161,"") | M29: =IFERROR('Tableau de recueil'!AD160/'Tableau de recueil'!AD161,"")
C30: INTRATECT | E30: =IFERROR('Tableau de recueil'!AF52/'Tableau de recueil'!AF161,"") | G30: =IFERROR('Tableau de recueil'!AF104/'Tableau de recueil'!AF161,"") | I30: =IFERROR('Tableau de recueil'!AF112/'Tableau de recueil'!AF161,"") | K30: =IFERROR('Tableau de recueil'!AF145/'Tableau de recueil'!AF161,"") | M30: =IFERROR('Tableau de recueil'!AF160/'Tableau de recueil'!AF161,"")
C31: IG VENA | E31: =IFERROR('Tableau de recueil'!AH52/'Tableau de recueil'!AH161,"") | G31: =IFERROR('Tableau de recueil'!AH104/'Tableau de recueil'!AH161,"") | I31: =IFERROR('Tableau de recueil'!AH112/'Tableau de recueil'!AH161,"") | K31: =IFERROR('Tableau de recueil'!AH145/'Tableau de recueil'!AH161,"") | M31: =IFERROR('Tableau de recueil'!AH160/'Tableau de recueil'!AH161,"")
C32: XEMBIFY | E32: =IFERROR('Tableau de recueil'!AJ52/'Tableau de recueil'!AJ161,"") | G32: =IFERROR('Tableau de recueil'!AJ104/'Tableau de recueil'!AJ161,"") | I32: =IFERROR('Tableau de recueil'!AJ112/'Tableau de recueil'!AJ161,"") | K32: =IFERROR('Tableau de recueil'!AJ145/'Tableau de recueil'!AJ161,"") | M32: =IFERROR('Tableau de recueil'!AJ160/'Tableau de recueil'!AJ161,"")
C33: GAMUNEX | E33: =IFERROR('Tableau de recueil'!AL52/'Tableau de recueil'!AL161,"") | G33: =IFERROR('Tableau de recueil'!AL104/'Tableau de recueil'!AL161,"") | I33: =IFERROR('Tableau de recueil'!AL112/'Tableau de recueil'!AL161,"") | K33: =IFERROR('Tableau de recueil'!AL145/'Tableau de recueil'!AL161,"") | M33: =IFERROR('Tableau de recueil'!AL160/'Tableau de recueil'!AL161,"")
C34: HUMAGLOBIN | E34: =IFERROR('Tableau de recueil'!AN52/'Tableau de recueil'!AL161,"") | G34: =IFERROR('Tableau de recueil'!AN104/'Tableau de recueil'!AN161,"") | I34: =IFERROR('Tableau de recueil'!AN112/'Tableau de recueil'!AN161,"") | K34: =IFERROR('Tableau de recueil'!AN145/'Tableau de recueil'!AN161,"") | M34: =IFERROR('Tableau de recueil'!AN160/'Tableau de recueil'!AN161,"")
C35: PENTAGLOBIN | E35: =IFERROR('Tableau de recueil'!AP52/'Tableau de recueil'!AP161,"") | G35: =IFERROR('Tableau de recueil'!AP104/'Tableau de recueil'!AP161,"") | I35: =IFERROR('Tableau de recueil'!AP112/'Tableau de recueil'!AP161,"") | K35: =IFERROR('Tableau de recueil'!AP145/'Tableau de recueil'!AP161,"") | M35: =IFERROR('Tableau de recueil'!AP160/'Tableau de recueil'!AP161,"")
C37: TOTAL GENERAL | E37: =IFERROR('Tableau de recueil'!E52/'Tableau de recueil'!E161,"") | G37: =IFERROR('Tableau de recueil'!E104/'Tableau de recueil'!E161,"") | I37: =IFERROR('Tableau de recueil'!E112/'Tableau de recueil'!E161,"") | K37: =IFERROR('Tableau de recueil'!E145/'Tableau de recueil'!E161,"") | M37: =IFERROR('Tableau de recueil'!E160/'Tableau de recueil'!E161,"")
